Workbook
Name \A: #REF!
Name \g: #REF!
Name \S: #REF!
Name ACTIVATE: #REF!
Name ASSUMPT: #REF!
Name ASSUMPTIONS: #REF!
Name basicdata1: #REF!
Name basicdata2: #REF!
Name BCA_NGDP: [5]Q6!$E$10:$AH$10
Name BMG: [5]Q6!$E$27:$AH$27
Name BOP: #REF!
Name BXG: [5]Q6!$E$19:$AH$19
Name CAPITAL: #REF!
Name CARGO_BY_TYPE: '[6]Table No.18-Exports goods+servi'!#REF!
Name CCode: [7]Codes!$A$2
Name CENTRALG: #REF!
Name CFLOW: #REF!
Name chart1: #REF!
Name Chart11: #REF!
Name chart2: #REF!
Name Chart22: #REF!
Name COUNTER: #REF!
Name CurrVintage: [8]Current!$D$66
Name Date: [7]Current!$D$67
Name DEBT: #REF!
Name Discount_NC: [9]NPV_base!#REF!
Name DiscountRate: #REF!
Name empty: [1]Micro!#REF!
Name EX_IMP: #REF!
Name GCB_NGDP: [5]Q4!$E$19:$AH$19
Name GGB_NGDP: [5]Q4!$E$41:$AH$41
Name Grace_NC: [9]NPV_base!#REF!
Name IMPORT: #REF!
Name IN_OUT: #REF!
Name IN1_: #REF!
Name Interest_NC: [9]NPV_base!#REF!
Name InterestRate: #REF!
Name LUR: [5]Q3!$E$16:$AH$16
Name MACRO: #REF!
Name Maturity_NC: [9]NPV_base!#REF!
Name MCV: [10]Q2!$E$101:$AH$101
Name MIDDLE: #REF!
Name NGDP: [10]Q2!$E$54:$AH$54
Name NGDP_RG: [5]Q1!$E$51:$AH$51
Name OnShow: [0]!OnShow
Name PCPIG: [5]Q3!$E$26:$AH$26
Name PRICES: #REF!
Name PSECTOR: #REF!
Name REDB1: #REF!
Name REDB2: #REF!
Name REDB3: #REF!
Name REDB4: #REF!
Name REDB5: #REF!
Name REDB6: #REF!
Name REDB7: #REF!
Name REDB8: #REF!
Name REDB9: #REF!
Name REDF1: #REF!
Name REDF2: #REF!
Name REDF3: #REF!

Sheet Precios M Anual
B1: Índice de precios al consumidor/mayoreo (IPC) Datos anuales
A2: Año | B2: 1920-1990 1950=100 Promedio | C2: 1920-1990 Tasa | D2: 1920-1990 1950=100 Fin | E2: 1920-1990 Tasa | F2: 1920-1990 Fin 1950=108.1 | G2: 1920-1990 Tasa
A5: 1920 | B5: =AVERAGE('Precios M Mensuales'!B33:B44) -> 40.395932 | C5: 4.84127 | D5: =(F5/F$35)*100 -> 35.988234 | E5: 4.7 | F5: ='Precios M Mensuales'!B44 -> 38.896266 | G5: 4.6
A6: 1921 | B6: =AVERAGE('Precios M Mensuales'!B45:B56) -> 36.173618 | C6: =((B6/B5)-1)*100 -> -10.452325 | D6: =(F6/F$35)*100 -> 29.297059 | E6: =((D6/D5)-1)*100 -> -18.592676 | F6: ='Precios M Mensuales'!B56 -> 31.66441 | G6: =((F6/F5)-1)*100 -> -18.592676
A7: 1922 | B7: =AVERAGE('Precios M Mensuales'!B57:B68) -> 28.839061 | C7: =((B7/B6)-1)*100 -> -20.275985 | D7: =(F7/F$35)*100 -> 22.850071 | E7: =((D7/D6)-1)*100 -> -22.005581 | F7: ='Precios M Mensuales'!B68 -> 24.696472 | G7: =((F7/F6)-1)*100 -> -22.005581
A8: 1923 | B8: =AVERAGE('Precios M Mensuales'!B69:B80) -> 25.899425 | C8: =((B8/B7)-1)*100 -> -10.193243 | D8: =(F8/F$35)*100 -> 25.627704 | E8: =((D8/D7)-1)*100 -> 12.155909 | F8: ='Precios M Mensuales'!B80 -> 27.698553 | G8: =((F8/F7)-1)*100 -> 12.155909
A9: 1924 | B9: =AVERAGE('Precios M Mensuales'!B81:B92) -> 27.010085 | C9: =((B9/B8)-1)*100 -> 4.2883571 | D9: =(F9/F$35)*100 -> 23.178198 | E9: =((D9/D8)-1)*100 -> -9.5580416 | F9: ='Precios M Mensuales'!B92 -> 25.051113 | G9: =((F9/F8)-1)*100 -> -9.5580416
A10: 1925 | B10: =AVERAGE('Precios M Mensuales'!B93:B104) -> 30.997444 | C10: =((B10/B9)-1)*100 -> 14.762483 | D10: =(F10/F$35)*100 -> 28.69313 | E10: =((D10/D9)-1)*100 -> 23.793622 | F10: ='Precios M Mensuales'!B104 -> 31.011681 | G10: =((F10/F9)-1)*100 -> 23.793622
A11: 1926 | B11: =AVERAGE('Precios M Mensuales'!B105:B116) -> 31.173096 | C11: =((B11/B10)-1)*100 -> 0.56666466 | D11: =(F11/F$35)*100 -> 28.397707 | E11: =((D11/D10)-1)*100 -> -1.0295961 | F11: ='Precios M Mensuales'!B116 -> 30.692386 | G11: =((F11/F10)-1)*100 -> -1.0295961
A12: 1927 | B12: =AVERAGE('Precios M Mensuales'!B117:B128) -> 29.031207 | C12: =((B12/B11)-1)*100 -> -6.8709527 | D12: =(F12/F$35)*100 -> 26.03432 | E12: =((D12/D11)-1)*100 -> -8.3224568 | F12: ='Precios M Mensuales'!B128 -> 28.138025 | G12: =((F12/F11)-1)*100 -> -8.3224568
A13: 1928 | B13: =AVERAGE('Precios M Mensuales'!B129:B140) -> 26.058385 | C13: =((B13/B12)-1)*100 -> -10.24009 | D13: =(F13/F$35)*100 -> 23.446368 | E13: =((D13/D12)-1)*100 -> -9.940541 | F13: ='Precios M Mensuales'!B140 -> 25.340953 | G13: =((F13/F12)-1)*100 -> -9.940541
A14: 1929 | B14: =AVERAGE('Precios M Mensuales'!B141:B152) -> 26.420587 | C14: =((B14/B13)-1)*100 -> 1.3899617 | D14: =(F14/F$35)*100 -> 23.987069 | E14: =((D14/D13)-1)*100 -> 2.3061187 | F14: ='Precios M Mensuales'!B152 -> 25.925346 | G14: =((F14/F13)-1)*100 -> 2.3061187
A15: 1930 | B15: =AVERAGE('Precios M Mensuales'!B153:B164) -> 26.229603 | C15: =((B15/B14)-1)*100 -> -0.72286024 | D15: =(F15/F$35)*100 -> 22.504585 | E15: =((D15/D14)-1)*100 -> -6.1803445 | F15: ='Precios M Mensuales'!B164 -> 24.32307 | G15: =((F15/F14)-1)*100 -> -6.1803445
A16: 1931 | B16: =AVERAGE('Precios M Mensuales'!B165:B176) -> 23.642322 | C16: =((B16/B15)-1)*100 -> -9.863974 | D16: =(F16/F$35)*100 -> 18.883437 | E16: =((D16/D15)-1)*100 -> -16.090713 | F16: ='Precios M Mensuales'!B176 -> 20.409315 | G16: =((F16/F15)-1)*100 -> -16.090713
A17: 1932 | B17: =AVERAGE('Precios M Mensuales'!B177:B188) -> 21.144786 | C17: =((B17/B16)-1)*100 -> -10.563837 | D17: =(F17/F$35)*100 -> 19.734043 | E17: =((D17/D16)-1)*100 -> 4.5045045 | F17: ='Precios M Mensuales'!B188 -> 21.328653 | G17: =((F17/F16)-1)*100 -> 4.5045045
A18: 1933 | B18: =AVERAGE('Precios M Mensuales'!B189:B200) -> 22.843716 | C18: =((B18/B17)-1)*100 -> 8.0347506 | D18: =(F18/F$35)*100 -> 21.843958 | E18: =((D18/D17)-1)*100 -> 10.691754 | F18: ='Precios M Mensuales'!B200 -> 23.60906 | G18: =((F18/F17)-1)*100 -> 10.691754
A19: 1934 | B19: =AVERAGE('Precios M Mensuales'!B201:B212) -> 24.103036 | C19: =((B19/B18)-1)*100 -> 5.512761 | D19: =(F19/F$35)*100 -> 22.314733 | E19: =((D19/D18)-1)*100 -> 2.1551724 | F19: ='Precios M Mensuales'!B212 -> 24.117876 | G19: =((F19/F18)-1)*100 -> 2.1551724
A20: 1935 | B20: =AVERAGE('Precios M Mensuales'!B213:B224) -> 24.028833 | C20: =((B20/B19)-1)*100 -> -0.30785469 | D20: =(F20/F$35)*100 -> 22.079345 | E20: =((D20/D19)-1)*100 -> -1.0548523 | F20: ='Precios M Mensuales'!B224 -> 23.863468 | G20: =((F20/F19)-1)*100 -> -1.0548523
A21: 1936 | B21: =AVERAGE('Precios M Mensuales'!B225:B236) -> 25.540441 | C21: =((B21/B20)-1)*100 -> 6.2908064 | D21: =(F21/F$35)*100 -> 24.833379 | E21: =((D21/D20)-1)*100 -> 12.473348 | F21: ='Precios M Mensuales'!B236 -> 26.840042 | G21: =((F21/F20)-1)*100 -> 12.473348
A22: 1937 | B22: =AVERAGE('Precios M Mensuales'!B237:B248) -> 30.244868 | C22: =((B22/B21)-1)*100 -> 18.419524 | D22: =(F22/F$35)*100 -> 27.846338 | E22: =((D22/D21)-1)*100 -> 12.132701 | F22: ='Precios M Mensuales'!B248 -> 30.096464 | G22: =((F22/F21)-1)*100 -> 12.132701
A23: 1938 | B23: =AVERAGE('Precios M Mensuales'!B249:B260) -> 32.142328 | C23: =((B23/B22)-1)*100 -> 6.2736576 | D23: =(F23/F$35)*100 -> 29.423434 | E23: =((D23/D22)-1)*100 -> 5.6635672 | F23: ='Precios M Mensuales'!B260 -> 31.800997 | G23: =((F23/F22)-1)*100 -> 5.6635672
A24: 1939 | B24: =AVERAGE('Precios M Mensuales'!B261:B272) -> 32.318293 | C24: =((B24/B23)-1)*100 -> 0.54745729 | D24: =(F24/F$35)*100 -> 29.611744 | E24: =((D24/D23)-1)*100 -> 0.64 | F24: ='Precios M Mensuales'!B272 -> 32.004524 | G24: =((F24/F23)-1)*100 -> 0.64
A25: 1940 | B25: =AVERAGE('Precios M Mensuales'!B273:B284) -> 32.815305 | C25: =((B25/B24)-1)*100 -> 1.5378641 | D25: =(F25/F$35)*100 -> 29.848638 | E25: =((D25/D24)-1)*100 -> 0.8 | F25: ='Precios M Mensuales'!B284 -> 32.26056 | G25: =((F25/F24)-1)*100 -> 0.8
A26: 1941 | B26: =AVERAGE('Precios M Mensuales'!B285:B296) -> 34.97561 | C26: =((B26/B25)-1)*100 -> 6.583225 | D26: =(F26/F$35)*100 -> 33.490883 | E26: =((D26/D25)-1)*100 -> 12.202381 | F26: ='Precios M Mensuales'!B296 -> 36.197116 | G26: =((F26/F25)-1)*100 -> 12.202381
A27: 1942 | B27: =AVERAGE('Precios M Mensuales'!B297:B308) -> 38.600122 | C27: =((B27/B26)-1)*100 -> 10.362971 | D27: =(F27/F$35)*100 -> 37.221963 | E27: =((D27/D26)-1)*100 -> 11.140584 | F27: ='Precios M Mensuales'!B308 -> 40.229686 | G27: =((F27/F26)-1)*100 -> 11.140584
A28: 1943 | B28: =AVERAGE('Precios M Mensuales'!B309:B320) -> 46.630591 | C28: =((B28/B27)-1)*100 -> 20.804256 | D28: =(F28/F$35)*100 -> 46.371992 | E28: =((D28/D27)-1)*100 -> 24.582339 | F28: ='Precios M Mensuales'!B320 -> 50.119084 | G28: =((F28/F27)-1)*100 -> 24.582339
A29: 1944 | B29: =AVERAGE('Precios M Mensuales'!B321:B332) -> 57.128075 | C29: =((B29/B28)-1)*100 -> 22.512011 | D29: =(F29/F$35)*100 -> 55.610856 | E29: =((D29/D28)-1)*100 -> 19.923372 | F29: ='Precios M Mensuales'!B332 -> 60.104495 | G29: =((F29/F28)-1)*100 -> 19.923372
A30: 1945 | B30: =AVERAGE('Precios M Mensuales'!B333:B344) -> 63.587654 | C30: =((B30/B29)-1)*100 -> 11.30719 | D30: =(F30/F$35)*100 -> 61.62204 | E30: =((D30/D29)-1)*100 -> 10.809372 | F30: ='Precios M Mensuales'!B344 -> 66.601414 | G30: =((F30/F29)-1)*100 -> 10.809372
A31: 1946 | B31: =AVERAGE('Precios M Mensuales'!B345:B356) -> 73.189011 | C31: =((B31/B30)-1)*100 -> 15.099404 | D31: =(F31/F$35)*100 -> 72.607997 | E31: =((D31/D30)-1)*100 -> 17.827967 | F31: ='Precios M Mensuales'!B356 -> 78.475092 | G31: =((F31/F30)-1)*100 -> 17.827967
A32: 1947 | B32: =AVERAGE('Precios M Mensuales'!B357:B368) -> 77.533625 | C32: =((B32/B31)-1)*100 -> 5.9361563 | D32: =(F32/F$35)*100 -> 71.838092 | E32: =((D32/D31)-1)*100 -> -1.0603589 | F32: ='Precios M Mensuales'!B368 -> 77.642974 | G32: =((F32/F31)-1)*100 -> -1.0603589
A33: 1948 | B33: =AVERAGE('Precios M Mensuales'!B369:B380) -> 83.211761 | C33: =((B33/B32)-1)*100 -> 7.3234495 | D33: =(F33/F$35)*100 -> 79.477922 | E33: =((D33/D32)-1)*100 -> 10.63479 | F33: ='Precios M Mensuales'!B380 -> 85.900141 | G33: =((F33/F32)-1)*100 -> 10.63479
A34: 1949 | B34: =AVERAGE('Precios M Mensuales'!B381:B392) -> 91.162218 | C34: =((B34/B33)-1)*100 -> 9.5544872 | D34: =(F34/F$35)*100 -> 86.880858 | E34: =((D34/D33)-1)*100 -> 9.314456 | F34: ='Precios M Mensuales'!B392 -> 93.901272 | G34: =((F34/F33)-1)*100 -> 9.314456
A35: 1950 | B35: =AVERAGE('Precios M Mensuales'!B393:B404) -> 100 | C35: =((B35/B34)-1)*100 -> 9.6945662 | D35: =(F35/F$35)*100 -> 100 | E35: =((D35/D34)-1)*100 -> 15.100152 | F35: ='Precios M Mensuales'!B404 -> 108.08051 | G35: =((F35/F34)-1)*100 -> 15.100152
A36: 1951 | B36: =AVERAGE('Precios M Mensuales'!B405:B416) -> 124.39946 | C36: =((B36/B35)-1)*100 -> 24.399461 | D36: =(F36/F$35)*100 -> 119.70781 | E36: =((D36/D35)-1)*100 -> 19.707812 | F36: ='Precios M Mensuales'!B416 -> 129.38081 | G36: =((F36/F35)-1)*100 -> 19.707812
A37: 1952 | B37: =AVERAGE('Precios M Mensuales'!B417:B428) -> 128.89744 | C37: =((B37/B36)-1)*100 -> 3.6157582 | D37: =(F37/F$35)*100 -> 117.08408 | E37: =((D37/D36)-1)*100 -> -2.1917808 | F37: ='Precios M Mensuales'!B428 -> 126.54507 | G37: =((F37/F36)-1)*100 -> -2.1917808
A38: 1953 | B38: =AVERAGE('Precios M Mensuales'!B429:B440) -> 126.4833 | C38: =((B38/B37)-1)*100 -> -1.8729167 | D38: =(F38/F$35)*100 -> 117.94872 | E38: =((D38/D37)-1)*100 -> 0.73847721 | F38: ='Precios M Mensuales'!B440 -> 127.47957 | G38: =((F38/F37)-1)*100 -> 0.73847721
A39: 1954 | B39: =AVERAGE('Precios M Mensuales'!B441:B452) -> 138.0975 | C39: =((B39/B38)-1)*100 -> 9.1823953 | D39: =(F39/F$35)*100 -> 137.11986 | E39: =((D39/D38)-1)*100 -> 16.253792 | F39: ='Precios M Mensuales'!B452 -> 148.19984 | G39: =((F39/F38)-1)*100 -> 16.253792
A40: 1955 | B40: =AVERAGE('Precios M Mensuales'!B453:B464) -> 157.18695 | C40: =((B40/B39)-1)*100 -> 13.823165 | D40: =(F40/F$35)*100 -> 150.04391 | E40: =((D40/D39)-1)*100 -> 9.4253713 | F40: ='Precios M Mensuales'!B464 -> 162.16822 | G40: =((F40/F39)-1)*100 -> 9.4253713
A41: 1956 | B41: =AVERAGE('Precios M Mensuales'!B465:B476) -> 164.49743 | C41: =((B41/B40)-1)*100 -> 4.6508216 | D41: =(F41/F$35)*100 -> 152.60439 | E41: =((D41/D40)-1)*100 -> 1.7064846 | F41: ='Precios M Mensuales'!B476 -> 164.9356 | G41: =((F41/F40)-1)*100 -> 1.7064846
A42: 1957 | B42: =AVERAGE('Precios M Mensuales'!B477:B488) -> 171.64648 | C42: =((B42/B41)-1)*100 -> 4.3459975 | D42: =(F42/F$35)*100 -> 162.07815 | E42: =((D42/D41)-1)*100 -> 6.2080537 | F42: ='Precios M Mensuales'!B488 -> 175.17489 | G42: =((F42/F41)-1)*100 -> 6.2080537
A43: 1958 | B43: =AVERAGE('Precios M Mensuales'!B489:B500) -> 179.25677 | C43: =((B43/B42)-1)*100 -> 4.4336961 | D43: =(F43/F$35)*100 -> 167.96725 | E43: =((D43/D42)-1)*100 -> 3.6334913 | F43: ='Precios M Mensuales'!B500 -> 181.53985 | G43: =((F43/F42)-1)*100 -> 3.6334913
A44: 1959 | B44: =AVERAGE('Precios M Mensuales'!B501:B512) -> 181.32077 | C44: =((B44/B43)-1)*100 -> 1.1514216 | D44: =(F44/F$35)*100 -> 168.47934 | E44: =((D44/D43)-1)*100 -> 0.30487805 | F44: ='Precios M Mensuales'!B512 -> 182.09333 | G44: =((F44/F43)-1)*100 -> 0.30487805
A45: 1960 | B45: =AVERAGE('Precios M Mensuales'!B513:B524) -> 190.22249 | C45: =((B45/B44)-1)*100 -> 4.90938 | D45: =(F45/F$35)*100 -> 177.56903 | E45: =((D45/D44)-1)*100 -> 5.3951368 | F45: ='Precios M Mensuales'!B524 -> 191.91751 | G45: =((F45/F44)-1)*100 -> 5.3951368
A46: 1961 | B46: =AVERAGE('Precios M Mensuales'!B525:B536) -> 192.05588 | C46: =((B46/B45)-1)*100 -> 0.9638116 | D46: =(F46/F$35)*100 -> 177.56903 | E46: =((D46/D45)-1)*100 -> -1.110223e-14 | F46: ='Precios M Mensuales'!B536 -> 191.91751 | G46: =((F46/F45)-1)*100 -> -3.3306691e-14
A47: 1962 | B47: =AVERAGE('Precios M Mensuales'!B537:B548) -> 195.5151 | C47: =((B47/B46)-1)*100 -> 1.8011527 | D47: =(F47/F$35)*100 -> 181.6658 | E47: =((D47/D46)-1)*100 -> 2.3071377 | F47: ='Precios M Mensuales'!B548 -> 196.34531 | G47: =((F47/F46)-1)*100 -> 2.3071377
A48: 1963 | B48: =AVERAGE('Precios M Mensuales'!B549:B560) -> 196.64511 | C48: =((B48/B47)-1)*100 -> 0.5779665 | D48: =(F48/F$35)*100 -> 182.30591 | E48: =((D48/D47)-1)*100 -> 0.35236082 | F48: ='Precios M Mensuales'!B560 -> 197.03716 | G48: =((F48/F47)-1)*100 -> 0.35236082
A49: 1964 | B49: =AVERAGE('Precios M Mensuales'!B561:B572) -> 204.98183 | C49: =((B49/B48)-1)*100 -> 4.2394746 | D49: =(F49/F$35)*100 -> 192.4198 | E49: =((D49/D48)-1)*100 -> 5.5477528 | F49: ='Precios M Mensuales'!B572 -> 207.96829 | G49: =((F49/F48)-1)*100 -> 5.5477528
A50: 1965 | B50: =AVERAGE('Precios M Mensuales'!B573:B584) -> 208.72932 | C50: =((B50/B49)-1)*100 -> 1.828205 | D50: =(F50/F$35)*100 -> 192.80387 | E50: =((D50/D49)-1)*100 -> 0.1996008 | F50: ='Precios M Mensuales'!B584 -> 208.3834 | G50: =((F50/F49)-1)*100 -> 0.1996008
A51: 1966 | B51: =AVERAGE('Precios M Mensuales'!B585:B596) -> 211.4621 | C51: =((B51/B50)-1)*100 -> 1.3092476 | D51: =(F51/F$35)*100 -> 198.30889 | E51: =((D51/D50)-1)*100 -> 2.8552457 | F51: ='Precios M Mensuales'!B596 -> 214.33326 | G51: =((F51/F50)-1)*100 -> 2.8552457
A52: 1967 | B52: =AVERAGE('Precios M Mensuales'!B597:B608) -> 217.49268 | C52: =((B52/B51)-1)*100 -> 2.8518458 | D52: =(F52/F$35)*100 -> 201.76553 | E52: =((D52/D51)-1)*100 -> 1.74306 | F52: ='Precios M Mensuales'!B608 -> 218.06921 | G52: =((F52/F51)-1)*100 -> 1.74306
A53: 1968 | B53: =AVERAGE('Precios M Mensuales'!B609:B620) -> 221.70139 | C53: =((B53/B52)-1)*100 -> 1.9351076 | D53: =(F53/F$35)*100 -> 205.8623 | E53: =((D53/D52)-1)*100 -> 2.0304569 | F53: ='Precios M Mensuales'!B620 -> 222.49701 | G53: =((F53/F52)-1)*100 -> 2.0304569
A54: 1969 | B54: =AVERAGE('Precios M Mensuales'!B621:B632) -> 227.30336 | C54: =((B54/B53)-1)*100 -> 2.5268086 | D54: =(F54/F$35)*100 -> 215.86918 | E54: =((D54/D53)-1)*100 -> 4.8609594 | F54: ='Precios M Mensuales'!B632 -> 233.3125 | G54: =((F54/F53)-1)*100 -> 4.8609594
A55: 1970 | B55: =AVERAGE('Precios M Mensuales'!B633:B644) -> 238.67625 | C55: =((B55/B54)-1)*100 -> 5.0033969 | D55: =(F55/F$35)*100 -> 226.00364 | E55: =((D55/D54)-1)*100 -> 4.6947242 | F55: ='Precios M Mensuales'!B644 -> 244.26588 | G55: =((F55/F54)-1)*100 -> 4.6947242
A56: 1971 | B56: =AVERAGE('Precios M Mensuales'!B645:B656) -> 251.72951 | C56: =((B56/B55)-1)*100 -> 5.469021 | D56: =(F56/F$35)*100 -> 237.21303 | E56: =((D56/D55)-1)*100 -> 4.9598259 | F56: ='Precios M Mensuales'!B656 -> 256.38104 | G56: =((F56/F55)-1)*100 -> 4.9598259
A57: 1972 | B57: =AVERAGE('Precios M Mensuales'!B657:B668) -> 264.17423 | C57: =((B57/B56)-1)*100 -> 4.9436884 | D57: =(F57/F$35)*100 -> 250.39296 | E57: =((D57/D56)-1)*100 -> 5.556157 | F57: ='Precios M Mensuales'!B668 -> 270.62598 | G57: =((F57/F56)-1)*100 -> 5.556157
A58: 1973 | B58: =AVERAGE('Precios M Mensuales'!B669:B680) -> 296.09161 | C58: =((B58/B57)-1)*100 -> 12.081945 | D58: =(F58/F$35)*100 -> 303.90593 | E58: =((D58/D57)-1)*100 -> 21.371597 | F58: ='Precios M Mensuales'!B680 -> 328.46307 | G58: =((F58/F57)-1)*100 -> 21.371597
A59: 1974 | B59: =AVERAGE('Precios M Mensuales'!B681:B692) -> 366.51412 | C59: =((B59/B58)-1)*100 -> 23.784025 | D59: =(F59/F$35)*100 -> 366.50422 | E59: =((D59/D58)-1)*100 -> 20.597915 | F59: ='Precios M Mensuales'!B692 -> 396.11962 | G59: =((F59/F58)-1)*100 -> 20.597915
A60: 1975 | B60: =AVERAGE('Precios M Mensuales'!B693:B704) -> 421.28792 | C60: =((B60/B59)-1)*100 -> 14.944526 | D60: =(F60/F$35)*100 -> 407.93778 | E60: =((D60/D59)-1)*100 -> 11.30507 | F60: ='Precios M Mensuales'!B704 -> 440.90122 | G60: =((F60/F59)-1)*100 -> 11.30507
A61: 1976 | B61: =AVERAGE('Precios M Mensuales'!B705:B716) -> 487.95555 | C61: =((B61/B60)-1)*100 -> 15.82472 | D61: =(F61/F$35)*100 -> 518.90499 | E61: =((D61/D60)-1)*100 -> 27.201995 | F61: ='Precios M Mensuales'!B716 -> 560.83515 | G61: =((F61/F60)-1)*100 -> 27.201995
A62: 1977 | B62: =AVERAGE('Precios M Mensuales'!B717:B728) -> 629.77557 | C62: =((B62/B61)-1)*100 -> 29.064126 | D62: =(F62/F$35)*100 -> 626.11025 | E62: =((D62/D61)-1)*100 -> 20.659901 | F62: ='Precios M Mensuales'!B728 -> 676.70313 | G62: =((F62/F61)-1)*100 -> 20.659901
A63: 1978 | B63: =AVERAGE('Precios M Mensuales'!B729:B740) -> 739.71735 | C63: =((B63/B62)-1)*100 -> 17.457295 | D63: =(F63/F$35)*100 -> 727.35251 | E63: =((D63/D62)-1)*100 -> 16.170039 | F63: ='Precios M Mensuales'!B740 -> 786.12629 | G63: =((F63/F62)-1)*100 -> 16.170039
A64: 1979 | B64: =AVERAGE('Precios M Mensuales'!B741:B752) -> 874.28118 | C64: =((B64/B63)-1)*100 -> 18.19125 | D64: =(F64/F$35)*100 -> 872.97145 | E64: =((D64/D63)-1)*100 -> 20.020408 | F64: ='Precios M Mensuales'!B752 -> 943.51197 | G64: =((F64/F63)-1)*100 -> 20.020408
A65: 1980 | B65: =AVERAGE('Precios M Mensuales'!B753:B764) -> 1104.6687 | C65: =((B65/B64)-1)*100 -> 26.351647 | D65: =(F65/F$35)*100 -> 1133.5245 | E65: =((D65/D64)-1)*100 -> 29.846681 | F65: ='Precios M Mensuales'!B764 -> 1225.119 | G65: =((F65/F64)-1)*100 -> 29.846681
A66: 1981 | B66: =AVERAGE('Precios M Mensuales'!B765:B776) -> 1413.2442 | C66: =((B66/B65)-1)*100 -> 27.933761 | D66: =(F66/F$35)*100 -> 1458.6718 | E66: =((D66/D65)-1)*100 -> 28.684633 | F66: ='Precios M Mensuales'!B776 -> 1576.5399 | G66: =((F66/F65)-1)*100 -> 28.684633
A67: 1982 | B67: =AVERAGE('Precios M Mensuales'!B777:B788) -> 2245.8348 | C67: =((B67/B66)-1)*100 -> 58.913427 | D67: =(F67/F$35)*100 -> 2900.4785 | E67: =((D67/D66)-1)*100 -> 98.843803 | F67: ='Precios M Mensuales'!B788 -> 3134.8518 | G67: =((F67/F66)-1)*100 -> 98.843803
A68: 1983 | B68: =AVERAGE('Precios M Mensuales'!B789:B800) -> 4533.7773 | C68: =((B68/B67)-1)*100 -> 101.87493 | D68: =(F68/F$35)*100 -> 5243.4335 | E68: =((D68/D67)-1)*100 -> 80.778224 | F68: ='Precios M Mensuales'!B800 -> 5667.1295 | G68: =((F68/F67)-1)*100 -> 80.778224
A69: 1984 | B69: =AVERAGE('Precios M Mensuales'!B801:B812) -> 7501.0807 | C69: =((B69/B68)-1)*100 -> 65.448812 | D69: =(F69/F$35)*100 -> 8345.2704 | E69: =((D69/D68)-1)*100 -> 59.156601 | F69: ='Precios M Mensuales'!B812 -> 9019.6106 | G69: =((F69/F68)-1)*100 -> 59.156601
A70: 1985 | B70: =AVERAGE('Precios M Mensuales'!B813:B824) -> 11832.838 | C70: =((B70/B69)-1)*100 -> 57.748446 | D70: =(F70/F$35)*100 -> 13665.327 | E70: =((D70/D69)-1)*100 -> 63.749355 | F70: ='Precios M Mensuales'!B824 -> 14769.554 | G70: =((F70/F69)-1)*100 -> 63.749355
A71: 1986 | B71: =AVERAGE('Precios M Mensuales'!B825:B836) -> 22036.686 | C71: =((B71/B70)-1)*100 -> 86.233309 | D71: =(F71/F$35)*100 -> 28116.228 | E71: =((D71/D70)-1)*100 -> 105.74867 | F71: ='Precios M Mensuales'!B836 -> 30388.161 | G71: =((F71/F70)-1)*100 -> 105.74867
A72: 1987 | B72: =AVERAGE('Precios M Mensuales'!B837:B848) -> 51087.076 | C72: =((B72/B71)-1)*100 -> 131.8274 | D72: =(F72/F$35)*100 -> 72868.28 | E72: =((D72/D71)-1)*100 -> 159.16805 | F72: ='Precios M Mensuales'!B848 -> 78756.407 | G72: =((F72/F71)-1)*100 -> 159.16805
A73: 1988 | B73: =AVERAGE('Precios M Mensuales'!B849:B860) -> 109409.23 | C73: =((B73/B72)-1)*100 -> 114.16225 | D73: =(F73/F$35)*100 -> 110510.14 | E73: =((D73/D72)-1)*100 -> 51.657396 | F73: ='Precios M Mensuales'!B860 -> 119439.92 | G73: =((F73/F72)-1)*100 -> 51.657396
A74: 1989 | B74: =AVERAGE('Precios M Mensuales'!B861:B872) -> 131299.7 | C74: =((B74/B73)-1)*100 -> 20.007878 | D74: =(F74/F$35)*100 -> 132277.81 | E74: =((D74/D73)-1)*100 -> 19.697448 | F74: ='Precios M Mensuales'!B872 -> 142966.53 | G74: =((F74/F73)-1)*100 -> 19.697448
A75: 1990 | B75: =AVERAGE('Precios M Mensuales'!B873:B884) -> 166293.26 | C75: =((B75/B74)-1)*100 -> 26.651674 | D75: =(F75/F$35)*100 -> 171867.99 | E75: =((D75/D74)-1)*100 -> 29.92957 | F75: ='Precios M Mensuales'!B884 -> 185755.8 | G75: =((F75/F74)-1)*100 -> 29.92957
A76: Fuente: Elaboración propia con datos del Sistema de Información Económica, Banco de México. Banco de Información Económica, INEGI.

Sheet Precios M Mensuales
B1: Índice de precios al mayoreo (IPM) y consumidor (IPC) Datos mensuales
C2: Precios Mayoreo/Consumidor Fusión Tasa mensual | D2: Precios Mayoreo Fusión tasa anual | E2: Precios Consumidor 1929=100, 1918-1929 Gómez-Galvarriato y Mussachio (2000) | F2: Precios Consumidor t/c | G2: Precios Mayoreo 1929=100 1918-1931 Bach y Reina (1943) | H2: Precios Mayoreo t/c | I2: Precios Mayoreo 1929=100 1932-1950 | J2: Precios Mayoreo t/c | K2: Precios Mayoreo 1939=100 1940-1954 | L2: Precios Mayoreo t/c | M2: Precios Mayoreo 1954=100 1955-1969 | N2: Precios Mayoreo t/c | O2: Precios Consumidor 2Q 2010=100 1969-1990 | P2: Precios Consumidor t/c | Q2: Precios Mayoreo 1929=100 1918-1990 | R2: Precios Mayoreo t/c
A3: Periodo | B3: Precios Mayoreo/Consumidor 1950=100
A9: 6593 | B9: =B10/(1+(C10/100)) -> 41.747536 | D9: - | E9: 158.01139 | G9: 167.7 | I9: - | J9: - | K9: - | L9: - | M9: - | N9: - | O9: - | P9: - | Q9: =Q10/(1+(C10/100)) -> 164.0968 | R9: -
A10: 6624 | B10: =B11/(1+(C11/100)) -> 40.147526 | C10: =F10 -> -3.8325854 | D10: - | E10: 151.95547 | F10: =((E10/E9)-1)*100 -> -3.8325854 | G10: 164.8 | H10: =((G10/G9)-1)*100 -> -1.7292785 | I10: - | J10: - | K10: - | L10: - | M10: - | N10: - | O10: - | P10: - | Q10: =Q11/(1+(C11/100)) -> 157.80765 | R10: =((Q10/Q9)-1)*100 -> -3.8325854
A11: 6652 | B11: =B12/(1+(C12/100)) -> 39.254442 | C11: =F11 -> -2.2245048 | D11: - | E11: 148.57521 | F11: =((E11/E10)-1)*100 -> -2.2245048 | G11: 162.1 | H11: =((G11/G10)-1)*100 -> -1.6383495 | I11: - | J11: - | K11: - | L11: - | M11: - | N11: - | O11: - | P11: - | Q11: =Q12/(1+(C12/100)) -> 154.29721 | R11: =((Q11/Q10)-1)*100 -> -2.2245048
A12: 6683 | B12: =B13/(1+(C13/100)) -> 40.923967 | C12: =F12 -> 4.253084 | D12: - | E12: 154.89424 | F12: =((E12/E11)-1)*100 -> 4.253084 | G12: 163.8 | H12: =((G12/G11)-1)*100 -> 1.0487353 | I12: - | J12: - | K12: - | L12: - | M12: - | N12: - | O12: - | P12: - | Q12: =Q13/(1+(C13/100)) -> 160.8596 | R12: =((Q12/Q11)-1)*100 -> 4.253084
A13: 6713 | B13: =B14/(1+(C14/100)) -> 38.293022 | C13: =F13 -> -6.4288593 | D13: - | E13: 144.9363 | F13: =((E13/E12)-1)*100 -> -6.4288593 | G13: 157.3 | H13: =((G13/G12)-1)*100 -> -3.968254 | I13: - | J13: - | K13: - | L13: - | M13: - | N13: - | O13: - | P13: - | Q13: =Q14/(1+(C14/100)) -> 150.51817 | R13: =((Q13/Q12)-1)*100 -> -6.4288593
A14: 6744 | B14: =B15/(1+(C15/100)) -> 38.343685 | C14: =F14 -> 0.13230362 | D14: - | E14: 145.12806 | F14: =((E14/E13)-1)*100 -> 0.13230362 | G14: 163.1 | H14: =((G14/G13)-1)*100 -> 3.6872219 | I14: - | J14: - | K14: - | L14: - | M14: - | N14: - | O14: - | P14: - | Q14: =Q15/(1+(C15/100)) -> 150.71731 | R14: =((Q14/Q13)-1)*100 -> 0.13230362
A15: 6774 | B15: =B16/(1+(C16/100)) -> 38.085657 | C15: =F15 -> -0.6729351 | D15: - | E15: 144.15144 | F15: =((E15/E14)-1)*100 -> -0.6729351 | G15: 165.9 | H15: =((G15/G14)-1)*100 -> 1.7167382 | I15: - | J15: - | K15: - | L15: - | M15: - | N15: - | O15: - | P15: - | Q15: =Q16/(1+(C16/100)) -> 149.70308 | R15: =((Q15/Q14)-1)*100 -> -0.6729351
A16: 6805 | B16: =B17/(1+(C17/100)) -> 38.448546 | C16: =F16 -> 0.95282289 | D16: - | E16: 145.52495 | F16: =((E16/E15)-1)*100 -> 0.95282289 | G16: 160 | H16: =((G16/G15)-1)*100 -> -3.5563593 | I16: - | J16: - | K16: - | L16: - | M16: - | N16: - | O16: - | P16: - | Q16: =Q17/(1+(C17/100)) -> 151.12948 | R16: =((Q16/Q15)-1)*100 -> 0.95282289
A17: 6836 | B17: =B18/(1+(C18/100)) -> 38.44619 | C17: =F17 -> -0.0061287654 | D17: - | E17: 145.51603 | F17: =((E17/E16)-1)*100 -> -0.0061287654 | G17: 164.6 | H17: =((G17/G16)-1)*100 -> 2.875 | I17: - | J17: - | K17: - | L17: - | M17: - | N17: - | O17: - | P17: - | Q17: =Q18/(1+(C18/100)) -> 151.12022 | R17: =((Q17/Q16)-1)*100 -> -0.0061287654
A18: 6866 | B18: =B19/(1+(C19/100)) -> 37.858263 | C18: =F18 -> -1.5292207 | D18: - | E18: 143.29077 | F18: =((E18/E17)-1)*100 -> -1.5292207 | G18: 149.1 | H18: =((G18/G17)-1)*100 -> -9.4167679 | I18: - | J18: - | K18: - | L18: - | M18: - | N18: - | O18: - | P18: - | Q18: =Q19/(1+(C19/100)) -> 148.80926 | R18: =((Q18/Q17)-1)*100 -> -1.5292207
A19: 6897 | B19: =B20/(1+(C20/100)) -> 36.512746 | C19: =F19 -> -3.5540894 | D19: - | E19: 138.19809 | F19: =((E19/E18)-1)*100 -> -3.5540894 | G19: 141.5 | H19: =((G19/G18)-1)*100 -> -5.0972502 | I19: - | J19: - | K19: - | L19: - | M19: - | N19: - | O19: - | P19: - | Q19: =Q20/(1+(C20/100)) -> 143.52044 | R19: =((Q19/Q18)-1)*100 -> -3.5540894
A20: 6927 | B20: =B21/(1+(C21/100)) -> 36.722468 | C20: =F20 -> 0.57437883 | D20: - | E20: 138.99187 | F20: =((E20/E19)-1)*100 -> 0.57437883 | G20: 129.9 | H20: =((G20/G19)-1)*100 -> -8.1978799 | I20: - | J20: - | K20: - | L20: - | M20: - | N20: - | O20: - | P20: - | Q20: =Q21/(1+(C21/100)) -> 144.3448 | R20: =((Q20/Q19)-1)*100 -> 0.57437883
A21: 6958 | B21: =B22/(1+(C22/100)) -> 36.836754 | C21: =F21 -> 0.31121663 | D21: =((B21/B9)-1)*100 -> -11.763046 | E21: 139.42443 | F21: =((E21/E20)-1)*100 -> 0.31121663 | G21: 127.4 | H21: =((G21/G20)-1)*100 -> -1.9245574 | I21: - | J21: - | K21: - | L21: - | M21: - | N21: - | O21: - | P21: - | Q21: =Q22/(1+(C22/100)) -> 144.79402 | R21: =((Q21/Q20)-1)*100 -> 0.31121663
A22: 6989 | B22: =B23/(1+(C23/100)) -> 35.819958 | C22: =F22 -> -2.7602751 | D22: =((B22/B10)-1)*100 -> -10.779164 | E22: 135.57594 | F22: =((E22/E21)-1)*100 -> -2.7602751 | G22: 131.5 | H22: =((G22/G21)-1)*100 -> 3.2182104 | I22: - | J22: - | K22: - | L22: - | M22: - | N22: - | O22: - | P22: - | Q22: =Q23/(1+(C23/100)) -> 140.79731 | R22: =((Q22/Q21)-1)*100 -> -2.7602751
A23: 7017 | B23: =B24/(1+(C24/100)) -> 34.539243 | C23: =F23 -> -3.5754227 | D23: =((B23/B11)-1)*100 -> -12.011886 | E23: 130.72852 | F23: =((E23/E22)-1)*100 -> -3.5754227 | G23: 129.6 | H23: =((G23/G22)-1)*100 -> -1.4448669 | I23: - | J23: - | K23: - | L23: - | M23: - | N23: - | O23: - | P23: - | Q23: =Q24/(1+(C24/100)) -> 135.76321 | R23: =((Q23/Q22)-1)*100 -> -3.5754227
A24: 7048 | B24: =B25/(1+(C25/100)) -> 35.465317 | C24: =F24 -> 2.6812212 | D24: =((B24/B12)-1)*100 -> -13.338516 | E24: 134.23364 | F24: =((E24/E23)-1)*100 -> 2.6812212 | G24: 127.2 | H24: =((G24/G23)-1)*100 -> -1.8518519 | I24: - | J24: - | K24: - | L24: - | M24: - | N24: - | O24: - | P24: - | Q24: =Q25/(1+(C25/100)) -> 139.40332 | R24: =((Q24/Q23)-1)*100 -> 2.6812212
A25: 7078 | B25: =B26/(1+(C26/100)) -> 35.858839 | C25: =F25 -> 1.1095977 | D25: =((B25/B13)-1)*100 -> -6.3567275 | E25: 135.7231 | F25: =((E25/E24)-1)*100 -> 1.1095977 | G25: 122.7 | H25: =((G25/G24)-1)*100 -> -3.5377358 | I25: - | J25: - | K25: - | L25: - | M25: - | N25: - | O25: - | P25: - | Q25: =Q26/(1+(C26/100)) -> 140.95014 | R25: =((Q25/Q24)-1)*100 -> 1.1095977
A26: 7109 | B26: =B27/(1+(C27/100)) -> 38.091548 | C26: =F26 -> 6.2263841 | D26: =((B26/B14)-1)*100 -> -0.65757129 | E26: 144.17374 | F26: =((E26/E25)-1)*100 -> 6.2263841 | G26: 127.9 | H26: =((G26/G25)-1)*100 -> 4.2379788 | I26: - | J26: - | K26: - | L26: - | M26: - | N26: - | O26: - | P26: - | Q26: =Q27/(1+(C27/100)) -> 149.72623 | R26: =((Q26/Q25)-1)*100 -> 6.2263841
A27: 7139 | B27: =B28/(1+(C28/100)) -> 38.681832 | C27: =F27 -> 1.5496443 | D27: =((B27/B15)-1)*100 -> 1.5653519 | E27: 146.40792 | F27: =((E27/E26)-1)*100 -> 1.5496443 | G27: 128.9 | H27: =((G27/G26)-1)*100 -> 0.78186083 | I27: - | J27: - | K27: - | L27: - | M27: - | N27: - | O27: - | P27: - | Q27: =Q28/(1+(C28/100)) -> 152.04646 | R27: =((Q27/Q26)-1)*100 -> 1.5496443
A28: 7170 | B28: =B29/(1+(C29/100)) -> 38.98581 | C28: =F28 -> 0.78584265 | D28: =((B28/B16)-1)*100 -> 1.3973585 | E28: 147.55846 | F28: =((E28/E27)-1)*100 -> 0.78584265 | G28: 130.5 | H28: =((G28/G27)-1)*100 -> 1.2412723 | I28: - | J28: - | K28: - | L28: - | M28: - | N28: - | O28: - | P28: - | Q28: =Q29/(1+(C29/100)) -> 153.2413 | R28: =((Q28/Q27)-1)*100 -> 0.78584265
A29: 7201 | B29: =B30/(1+(C30/100)) -> 38.609961 | C29: =F29 -> -0.96406661 | D29: =((B29/B17)-1)*100 -> 0.4259753 | E29: 146.13589 | F29: =((E29/E28)-1)*100 -> -0.96406661 | G29: 129.7 | H29: =((G29/G28)-1)*100 -> -0.61302682 | I29: - | J29: - | K29: - | L29: - | M29: - | N29: - | O29: - | P29: - | Q29: =Q30/(1+(C30/100)) -> 151.76396 | R29: =((Q29/Q28)-1)*100 -> -0.96406661
A30: 7231 | B30: =B31/(1+(C31/100)) -> 36.594043 | C30: =F30 -> -5.2212389 | D30: =((B30/B18)-1)*100 -> -3.3393502 | E30: 138.50579 | F30: =((E30/E29)-1)*100 -> -5.2212389 | G30: 126.9 | H30: =((G30/G29)-1)*100 -> -2.1588281 | I30: - | J30: - | K30: - | L30: - | M30: - | N30: - | O30: - | P30: - | Q30: =Q31/(1+(C31/100)) -> 143.84 | R30: =((Q30/Q29)-1)*100 -> -5.2212389
A31: 7262 | B31: =B32/(1+(C32/100)) -> 37.813491 | C31: =F31 -> 3.3323674 | D31: =((B31/B19)-1)*100 -> 3.5624395 | E31: 143.12131 | F31: =((E31/E30)-1)*100 -> 3.3323674 | G31: 124.6 | H31: =((G31/G30)-1)*100 -> -1.8124507 | I31: - | J31: - | K31: - | L31: - | M31: - | N31: - | O31: - | P31: - | Q31: =Q32/(1+(C32/100)) -> 148.63327 | R31: =((Q31/Q30)-1)*100 -> 3.3323674
A32: 7292 | B32: =B33/(1+(C33/100)) -> 38.55812 | C32: =F32 -> 1.9692154 | D32: =((B32/B20)-1)*100 -> 4.9987166 | E32: 145.93968 | F32: =((E32/E31)-1)*100 -> 1.9692154 | G32: 124.2 | H32: =((G32/G31)-1)*100 -> -0.32102729 | I32: - | J32: - | K32: - | L32: - | M32: - | N32: - | O32: - | P32: - | Q32: =Q33/(1+(C33/100)) -> 151.56018 | R32: =((Q32/Q31)-1)*100 -> 1.9692154
... A152: 10945 | B152: =B153/(1+(C153/100)) -> 25.925346 | C152: =F152 -> -0.75323621 | D152: =((B152/B140)-1)*100 -> 2.3061187 | E152: 98.125548 | F152: =((E152/E151)-1)*100 -> -0.75323621 | G152: 98.7 | H152: =((G152/G151)-1)*100 -> -0.90361446 | I152: - | J152: - | K152: - | L152: - | M152: - | N152: - | O152: - | P152: - | Q152: =Q153/(1+(C153/100)) -> 101.90461 | R152: =((Q152/Q151)-1)*100 -> -0.75323621
A153: 10976 | B153: =B154/(1+(C154/100)) -> 25.610144 | C153: =H153 -> -1.2158055 | D153: =((B153/B141)-1)*100 -> -4.597638 | E153: - | F153: - | G153: 97.5 | H153: =((G153/G152)-1)*100 -> -1.2158055 | I153: - | J153: - | K153: - | L153: - | M153: - | N153: - | O153: - | P153: - | Q153: =Q154/(1+(C154/100)) -> 100.66565 | R153: =((Q153/Q152)-1)*100 -> -1.2158055
A154: 11007 | B154: =B155/(1+(C155/100)) -> 26.371882 | C154: =H154 -> 2.974359 | D154: =((B154/B142)-1)*100 -> -2.8178407 | E154: - | F154: - | G154: 100.4 | H154: =((G154/G153)-1)*100 -> 2.974359 | I154: - | J154: - | K154: - | L154: - | M154: - | N154: - | O154: - | P154: - | Q154: =Q155/(1+(C155/100)) -> 103.65981 | R154: =((Q154/Q153)-1)*100 -> 2.974359
A155: 11035 | B155: =B156/(1+(C156/100)) -> 26.109213 | C155: =H155 -> -0.99601594 | D155: =((B155/B143)-1)*100 -> -5.3110424 | E155: - | F155: - | G155: 99.4 | H155: =((G155/G154)-1)*100 -> -0.99601594 | I155: - | J155: - | K155: - | L155: - | M155: - | N155: - | O155: - | P155: - | Q155: =Q156/(1+(C156/100)) -> 102.62734 | R155: =((Q155/Q154)-1)*100 -> -0.99601594
A156: 11066 | B156: =B157/(1+(C157/100)) -> 26.529482 | C156: =H156 -> 1.6096579 | D156: =((B156/B144)-1)*100 -> 3.221591 | E156: - | F156: - | G156: 101 | H156: =((G156/G155)-1)*100 -> 1.6096579 | I156: - | J156: - | K156: - | L156: - | M156: - | N156: - | O156: - | P156: - | Q156: =Q157/(1+(C157/100)) -> 104.27929 | R156: =((Q156/Q155)-1)*100 -> 1.6096579
A157: 11096 | B157: =B158/(1+(C158/100)) -> 26.529482 | C157: =H157 -> 0 | D157: =((B157/B145)-1)*100 -> 0.64704922 | E157: - | F157: - | G157: 101 | H157: =((G157/G156)-1)*100 -> 0 | I157: - | J157: - | K157: - | L157: - | M157: - | N157: - | O157: - | P157: - | Q157: =Q158/(1+(C158/100)) -> 104.27929 | R157: =((Q157/Q156)-1)*100 -> 0
A158: 11127 | B158: =B159/(1+(C159/100)) -> 26.529482 | C158: =H158 -> 0 | D158: =((B158/B146)-1)*100 -> 1.6236758 | E158: - | F158: - | G158: 101 | H158: =((G158/G157)-1)*100 -> 0 | I158: - | J158: - | K158: - | L158: - | M158: - | N158: - | O158: - | P158: - | Q158: =Q159/(1+(C159/100)) -> 104.27929 | R158: =((Q158/Q157)-1)*100 -> 0
A159: 11157 | B159: =B160/(1+(C160/100)) -> 26.582016 | C159: =H159 -> 0.1980198 | D159: =((B159/B147)-1)*100 -> -0.31218853 | E159: - | F159: - | G159: 101.2 | H159: =((G159/G158)-1)*100 -> 0.1980198 | I159: - | J159: - | K159: - | L159: - | M159: - | N159: - | O159: - | P159: - | Q159: =Q160/(1+(C160/100)) -> 104.48578 | R159: =((Q159/Q158)-1)*100 -> 0.1980198
A160: 11188 | B160: =B161/(1+(C161/100)) -> 26.818417 | C160: =H160 -> 0.88932806 | D160: =((B160/B148)-1)*100 -> 1.6523306 | E160: - | F160: - | G160: 102.1 | H160: =((G160/G159)-1)*100 -> 0.88932806 | I160: - | J160: - | K160: - | L160: - | M160: - | N160: - | O160: - | P160: - | Q160: =Q161/(1+(C161/100)) -> 105.415 | R160: =((Q160/Q159)-1)*100 -> 0.88932806
A161: 11219 | B161: =B162/(1+(C162/100)) -> 26.450682 | C161: =H161 -> -1.3712047 | D161: =((B161/B149)-1)*100 -> 3.4127615 | E161: - | F161: - | G161: 100.7 | H161: =((G161/G160)-1)*100 -> -1.3712047 | I161: - | J161: - | K161: - | L161: - | M161: - | N161: - | O161: - | P161: - | Q161: =Q162/(1+(C162/100)) -> 103.96955 | R161: =((Q161/Q160)-1)*100 -> -1.3712047
A162: 11249 | B162: =B163/(1+(C163/100)) -> 26.844684 | C162: =H162 -> 1.489573 | D162: =((B162/B150)-1)*100 -> 0.71737109 | E162: - | F162: - | G162: 102.2 | H162: =((G162/G161)-1)*100 -> 1.489573 | I162: - | J162: - | K162: - | L162: - | M162: - | N162: - | O162: - | P162: - | Q162: =Q163/(1+(C163/100)) -> 105.51825 | R162: =((Q162/Q161)-1)*100 -> 1.489573
A163: 11280 | B163: =B164/(1+(C164/100)) -> 26.05668 | C163: =H163 -> -2.9354207 | D163: =((B163/B151)-1)*100 -> -0.25046638 | E163: - | F163: - | G163: 99.2 | H163: =((G163/G162)-1)*100 -> -2.9354207 | I163: - | J163: - | K163: - | L163: - | M163: - | N163: - | O163: - | P163: - | Q163: =Q164/(1+(C164/100)) -> 102.42084 | R163: =((Q163/Q162)-1)*100 -> -2.9354207
A164: 11310 | B164: =B165/(1+(C165/100)) -> 24.32307 | C164: =H164 -> -6.6532258 | D164: =((B164/B152)-1)*100 -> -6.1803445 | E164: - | F164: - | G164: 92.6 | H164: =((G164/G163)-1)*100 -> -6.6532258 | I164: - | J164: - | K164: - | L164: - | M164: - | N164: - | O164: - | P164: - | Q164: =Q165/(1+(C165/100)) -> 95.606554 | R164: =((Q164/Q163)-1)*100 -> -6.6532258
... A176: 11675 | B176: =B177/(1+(C177/100)) -> 20.409315 | C176: =H176 -> -4.7794118 | D176: =((B176/B164)-1)*100 -> -16.090713 | E176: - | F176: - | G176: 77.7 | H176: =((G176/G175)-1)*100 -> -4.7794118 | I176: - | J176: - | K176: - | L176: - | M176: - | N176: - | O176: - | P176: - | Q176: =Q177/(1+(C177/100)) -> 80.222778 | R176: =((Q176/Q175)-1)*100 -> -4.7794118
A177: 11706 | B177: =B178/(1+(C178/100)) -> 20.356781 | C177: =J177 -> -0.25740026 | D177: =((B177/B165)-1)*100 -> -20.02064 | E177: - | F177: - | G177: 77.5 | H177: =((G177/G176)-1)*100 -> -0.25740026 | I177: =I178/(1+(J178/100)) -> 80.016284 | J177: =H177 -> -0.25740026 | K177: - | L177: - | M177: - | N177: - | O177: - | P177: - | Q177: =Q178/(1+(C178/100)) -> 80.016284 | R177: =((Q177/Q176)-1)*100 -> -0.25740026
A178: 11737 | B178: =B179/(1+(C179/100)) -> 20.251714 | C178: =J178 -> -0.51612903 | D178: =((B178/B166)-1)*100 -> -21.486762 | E178: - | F178: - | G178: 77.1 | H178: =((G178/G177)-1)*100 -> -0.51612903 | I178: =I179/(1+(J179/100)) -> 79.603297 | J178: =H178 -> -0.51612903 | K178: - | L178: - | M178: - | N178: - | O178: - | P178: - | Q178: =I177*(1+(C178/100)) -> 79.603297 | R178: =((Q178/Q177)-1)*100 -> -0.51612903
A179: 11766 | B179: =B180/(1+(C180/100)) -> 19.857712 | C179: =J179 -> -1.9455253 | D179: =((B179/B167)-1)*100 -> -21.981424 | E179: - | F179: - | G179: 75.6 | H179: =((G179/G178)-1)*100 -> -1.9455253 | I179: =I180/(1+(J180/100)) -> 78.054595 | J179: =H179 -> -1.9455253 | K179: - | L179: - | M179: - | N179: - | O179: - | P179: - | Q179: =Q178*((1+(C179/100))) -> 78.054595 | R179: =((Q179/Q178)-1)*100 -> -1.9455253
A180: 11797 | B180: =B181/(1+(C181/100)) -> 20.19918 | C180: =J180 -> 1.7195767 | D180: =((B180/B168)-1)*100 -> -20.310881 | E180: - | F180: - | G180: 76.9 | H180: =((G180/G179)-1)*100 -> 1.7195767 | I180: =I181/(1+(J181/100)) -> 79.396804 | J180: =H180 -> 1.7195767 | K180: - | L180: - | M180: - | N180: - | O180: - | P180: - | Q180: =Q179*((1+(C180/100))) -> 79.396804 | R180: =((Q180/Q179)-1)*100 -> 1.7195767
A181: 11827 | B181: =B182/(1+(C182/100)) -> 20.435582 | C181: =J181 -> 1.1703511 | D181: =((B181/B169)-1)*100 -> -14.972678 | E181: - | F181: - | G181: 77.8 | H181: =((G181/G180)-1)*100 -> 1.1703511 | I181: =I182/(1+(J182/100)) -> 80.326025 | J181: =H181 -> 1.1703511 | K181: - | L181: - | M181: - | N181: - | O181: - | P181: - | Q181: =Q180*((1+(C181/100))) -> 80.326025 | R181: =((Q181/Q180)-1)*100 -> 1.1703511
A182: 11858 | B182: =B183/(1+(C183/100)) -> 21.302386 | C182: =J182 -> 4.2416452 | D182: =((B182/B170)-1)*100 -> -11.36612 | E182: - | F182: - | G182: 81.1 | H182: =((G182/G181)-1)*100 -> 4.2416452 | I182: =I183/(1+(J183/100)) -> 83.73317 | J182: =H182 -> 4.2416452 | K182: - | L182: - | M182: - | N182: - | O182: - | P182: - | Q182: =Q181*((1+(C182/100))) -> 83.73317 | R182: =((Q182/Q181)-1)*100 -> 4.2416452
A183: 11888 | B183: =B184/(1+(C184/100)) -> 21.538788 | C183: =J183 -> 1.1097411 | D183: =((B183/B171)-1)*100 -> -7.4492099 | E183: - | F183: - | G183: 82 | H183: =((G183/G182)-1)*100 -> 1.1097411 | I183: =I184/(1+(J184/100)) -> 84.662391 | J183: =H183 -> 1.1097411 | K183: - | L183: - | M183: - | N183: - | O183: - | P183: - | Q183: =Q182*((1+(C183/100))) -> 84.662391 | R183: =((Q183/Q182)-1)*100 -> 1.1097411
A184: 11919 | B184: =B185/(1+(C185/100)) -> 22.773328 | C184: =J184 -> 5.7317073 | D184: =((B184/B172)-1)*100 -> -2.5842697 | E184: - | F184: - | G184: 86.7 | H184: =((G184/G183)-1)*100 -> 5.7317073 | I184: =I185/(1+(J185/100)) -> 89.514992 | J184: =H184 -> 5.7317073 | K184: - | L184: - | M184: - | N184: - | O184: - | P184: - | Q184: =Q183*((1+(C184/100))) -> 89.514992 | R184: =((Q184/Q183)-1)*100 -> 5.7317073
A185: 11950 | B185: =B186/(1+(C186/100)) -> 22.326792 | C185: =J185 -> -1.9607843 | D185: =((B185/B173)-1)*100 -> -3.1890661 | E185: - | F185: - | G185: 85 | H185: =((G185/G184)-1)*100 -> -1.9607843 | I185: =I186/(1+(J186/100)) -> 87.759796 | J185: =H185 -> -1.9607843 | K185: - | L185: - | M185: - | N185: - | O185: - | P185: - | Q185: =Q184*((1+(C185/100))) -> 87.759796 | R185: =((Q185/Q184)-1)*100 -> -1.9607843
A186: 11980 | B186: =B187/(1+(C187/100)) -> 21.93279 | C186: =J186 -> -1.7647059 | D186: =((B186/B174)-1)*100 -> -0.47675805 | E186: - | F186: - | G186: 83.5 | H186: =((G186/G185)-1)*100 -> -1.7647059 | I186: =I187/(1+(J187/100)) -> 86.211094 | J186: =H186 -> -1.7647059 | K186: - | L186: - | M186: - | N186: - | O186: - | P186: - | Q186: =Q185*((1+(C186/100))) -> 86.211094 | R186: =((Q186/Q185)-1)*100 -> -1.7647059
A187: 12011 | B187: =B188/(1+(C188/100)) -> 21.43372 | C187: =J187 -> -2.2754491 | D187: =((B187/B175)-1)*100 -> -3.3306691e-14 | E187: - | F187: - | G187: 81.6 | H187: =((G187/G186)-1)*100 -> -2.2754491 | I187: =I188/(1+(J188/100)) -> 84.249404 | J187: =H187 -> -2.2754491 | K187: - | L187: - | M187: - | N187: - | O187: - | P187: - | Q187: =Q186*((1+(C187/100))) -> 84.249404 | R187: =((Q187/Q186)-1)*100 -> -2.2754491
A188: 12041 | B188: =B189/(1+(C189/100)) -> 21.328653 | C188: =J188 -> -0.49019608 | D188: =((B188/B176)-1)*100 -> 4.5045045 | E188: - | F188: - | G188: 81.2 | H188: =((G188/G187)-1)*100 -> -0.49019608 | I188: =I189/(1+(J189/100)) -> 83.836417 | J188: =H188 -> -0.49019608 | K188: - | L188: - | M188: - | N188: - | O188: - | P188: - | Q188: =Q187*((1+(C188/100))) -> 83.836417 | R188: =((Q188/Q187)-1)*100 -> -0.49019608
A189: 12072 | B189: =B190/(1+(C190/100)) -> 21.904527 | C189: =J189 -> 2.7 | D189: =((B189/B177)-1)*100 -> 7.6030968 | E189: - | F189: - | G189: 83.4 | H189: =((G189/G188)-1)*100 -> 2.7093596 | I189: 86.1 | J189: 2.7 | K189: - | L189: - | M189: - | N189: - | O189: - | P189: - | Q189: =Q188*((1+(C189/100))) -> 86.1 | R189: =((Q189/Q188)-1)*100 -> 2.7
A190: 12103 | B190: =B191/(1+(C191/100)) -> 21.980849 | C190: =J190 -> 0.34843206 | D190: =((B190/B178)-1)*100 -> 8.5382177 | E190: - | F190: - | G190: 85.9 | H190: =((G190/G189)-1)*100 -> 2.9976019 | I190: 86.4 | J190: =((I190/I189)-1)*100 -> 0.34843206 | K190: - | L190: - | M190: - | N190: - | O190: - | P190: - | Q190: =Q189*((1+(C190/100))) -> 86.4 | R190: =((Q190/Q189)-1)*100 -> 0.34843206
A191: 12131 | B191: =B192/(1+(C192/100)) -> 22.108053 | C191: =J191 -> 0.5787037 | D191: =((B191/B179)-1)*100 -> 11.332331 | E191: - | F191: - | G191: 87.2 | H191: =((G191/G190)-1)*100 -> 1.5133877 | I191: 86.9 | J191: =((I191/I190)-1)*100 -> 0.5787037 | K191: - | L191: - | M191: - | N191: - | O191: - | P191: - | Q191: =Q190*((1+(C191/100))) -> 86.9 | R191: =((Q191/Q190)-1)*100 -> 0.5787037
A192: 12162 | B192: =B193/(1+(C193/100)) -> 22.31158 | C192: =J192 -> 0.92059839 | D192: =((B192/B180)-1)*100 -> 10.457847 | E192: - | F192: - | G192: 86.4 | H192: =((G192/G191)-1)*100 -> -0.91743119 | I192: 87.7 | J192: =((I192/I191)-1)*100 -> 0.92059839 | K192: - | L192: - | M192: - | N192: - | O192: - | P192: - | Q192: =Q191*((1+(C192/100))) -> 87.7 | R192: =((Q192/Q191)-1)*100 -> 0.92059839
A193: 12192 | B193: =B194/(1+(C194/100)) -> 22.260698 | C193: =J193 -> -0.22805017 | D193: =((B193/B181)-1)*100 -> 8.931072 | E193: - | F193: - | G193: 86.8 | H193: =((G193/G192)-1)*100 -> 0.46296296 | I193: 87.5 | J193: =((I193/I192)-1)*100 -> -0.22805017 | K193: - | L193: - | M193: - | N193: - | O193: - | P193: - | Q193: =Q192*((1+(C193/100))) -> 87.5 | R193: =((Q193/Q192)-1)*100 -> -0.22805017
A194: 12223 | B194: =B195/(1+(C195/100)) -> 22.744073 | C194: =J194 -> 2.1714286 | D194: =((B194/B182)-1)*100 -> 6.7677243 | E194: - | F194: - | G194: 89 | H194: =((G194/G193)-1)*100 -> 2.5345622 | I194: 89.4 | J194: =((I194/I193)-1)*100 -> 2.1714286 | K194: - | L194: - | M194: - | N194: - | O194: - | P194: - | Q194: =Q193*((1+(C194/100))) -> 89.4 | R194: =((Q194/Q193)-1)*100 -> 2.1714286
A195: 12253 | B195: =B196/(1+(C196/100)) -> 23.863468 | C195: =J195 -> 4.9217002 | D195: =((B195/B183)-1)*100 -> 10.792996 | E195: - | F195: - | G195: 92.5 | H195: =((G195/G194)-1)*100 -> 3.9325843 | I195: 93.8 | J195: =((I195/I194)-1)*100 -> 4.9217002 | K195: - | L195: - | M195: - | N195: - | O195: - | P195: - | Q195: =Q194*((1+(C195/100))) -> 93.8 | R195: =((Q195/Q194)-1)*100 -> 4.9217002
A196: 12284 | B196: =B197/(1+(C197/100)) -> 23.481856 | C196: =J196 -> -1.5991471 | D196: =((B196/B184)-1)*100 -> 3.1112199 | E196: - | F196: - | G196: 90.5 | H196: =((G196/G195)-1)*100 -> -2.1621622 | I196: 92.3 | J196: =((I196/I195)-1)*100 -> -1.5991471 | K196: - | L196: - | M196: - | N196: - | O196: - | P196: - | Q196: =Q195*((1+(C196/100))) -> 92.3 | R196: =((Q196/Q195)-1)*100 -> -1.5991471
A197: 12315 | B197: =B198/(1+(C198/100)) -> 23.354652 | C197: =J197 -> -0.54171181 | D197: =((B197/B185)-1)*100 -> 4.6037073 | E197: - | F197: - | G197: 89.3 | H197: =((G197/G196)-1)*100 -> -1.3259669 | I197: 91.8 | J197: =((I197/I196)-1)*100 -> -0.54171181 | K197: - | L197: - | M197: - | N197: - | O197: - | P197: - | Q197: =Q196*((1+(C197/100))) -> 91.8 | R197: =((Q197/Q196)-1)*100 -> -0.54171181
A198: 12345 | B198: =B199/(1+(C199/100)) -> 23.252889 | C198: =J198 -> -0.43572985 | D198: =((B198/B186)-1)*100 -> 6.0188384 | E198: - | F198: - | G198: 88.6 | H198: =((G198/G197)-1)*100 -> -0.78387458 | I198: 91.4 | J198: =((I198/I197)-1)*100 -> -0.43572985 | K198: - | L198: - | M198: - | N198: - | O198: - | P198: - | Q198: =Q197*((1+(C198/100))) -> 91.4 | R198: =((Q198/Q197)-1)*100 -> -0.43572985
A199: 12376 | B199: =B200/(1+(C200/100)) -> 23.252889 | C199: =J199 -> 0 | D199: =((B199/B187)-1)*100 -> 8.4874143 | E199: - | F199: - | G199: 87.4 | H199: =((G199/G198)-1)*100 -> -1.3544018 | I199: 91.4 | J199: =((I199/I198)-1)*100 -> 0 | K199: - | L199: - | M199: - | N199: - | O199: - | P199: - | Q199: =Q198*((1+(C199/100))) -> 91.4 | R199: =((Q199/Q198)-1)*100 -> 0
A200: 12406 | B200: =B201/(1+(C201/100)) -> 23.60906 | C200: =J200 -> 1.5317287 | D200: =((B200/B188)-1)*100 -> 10.691754 | E200: - | F200: - | G200: 87.3 | H200: =((G200/G199)-1)*100 -> -0.11441648 | I200: 92.8 | J200: =((I200/I199)-1)*100 -> 1.5317287 | K200: - | L200: - | M200: - | N200: - | O200: - | P200: - | Q200: =Q199*((1+(C200/100))) -> 92.8 | R200: =((Q200/Q199)-1)*100 -> 1.5317287
A201: 12437 | B201: =B202/(1+(C202/100)) -> 23.812587 | C201: =J201 -> 0.86206897 | D201: =((B201/B189)-1)*100 -> 8.7108014 | E201: - | F201: - | G201: 89.6 | H201: =((G201/G200)-1)*100 -> 2.6345934 | I201: 93.6 | J201: =((I201/I200)-1)*100 -> 0.86206897 | K201: - | L201: - | M201: - | N201: - | O201: - | P201: - | Q201: =Q200*((1+(C201/100))) -> 93.6 | R201: =((Q201/Q200)-1)*100 -> 0.86206897
... A271: 14567 | B271: =B272/(1+(C272/100)) -> 32.640544 | C271: =J271 -> -2.4334601 | D271: =((B271/B259)-1)*100 -> -0.15564202 | E271: - | F271: - | G271: 121.6 | H271: =((G271/G270)-1)*100 -> -0.73469388 | I271: 128.3 | J271: =((I271/I270)-1)*100 -> -2.4334601 | K271: - | L271: - | M271: - | N271: - | O271: - | P271: - | Q271: =Q270*((1+(C271/100))) -> 128.3 | R271: =((Q271/Q270)-1)*100 -> -2.4334601
A272: 14597 | B272: =B273/(1+(C273/100)) -> 32.004524 | C272: =J272 -> -1.9485581 | D272: =((B272/B260)-1)*100 -> 0.64 | E272: - | F272: - | G272: 119 | H272: =((G272/G271)-1)*100 -> -2.1381579 | I272: 125.8 | J272: =((I272/I271)-1)*100 -> -1.9485581 | K272: 100 | L272: - | M272: - | N272: - | O272: - | P272: - | Q272: =Q271*((1+(C272/100))) -> 125.8 | R272: =((Q272/Q271)-1)*100 -> -1.9485581
A273: 14628 | B273: =B274/(1+(C274/100)) -> 32.452587 | C273: =L273 -> 1.4 | D273: =((B273/B261)-1)*100 -> 1.8046289 | E273: - | F273: - | G273: 120 | H273: =((G273/G272)-1)*100 -> 0.84033613 | I273: 127.5 | J273: =((I273/I272)-1)*100 -> 1.3513514 | K273: 101.4 | L273: 1.4 | M273: - | N273: - | O273: - | P273: - | Q273: =Q272*((1+(C273/100))) -> 127.5612 | R273: =((Q273/Q272)-1)*100 -> 1.4
A274: 14659 | B274: =B275/(1+(C275/100)) -> 33.028668 | C274: =L274 -> 1.7751479 | D274: =((B274/B262)-1)*100 -> 4.1939005 | E274: - | F274: - | G274: 121 | H274: =((G274/G273)-1)*100 -> 0.83333333 | I274: 131 | J274: =((I274/I273)-1)*100 -> 2.745098 | K274: 103.2 | L274: =((K274/K273)-1)*100 -> 1.7751479 | M274: - | N274: - | O274: - | P274: - | Q274: =Q273*((1+(C274/100))) -> 129.8256 | R274: =((Q274/Q273)-1)*100 -> 1.7751479
A275: 14688 | B275: =B276/(1+(C276/100)) -> 33.540741 | C275: =L275 -> 1.5503876 | D275: =((B275/B263)-1)*100 -> 6.5791431 | E275: - | F275: - | G275: 122.3 | H275: =((G275/G274)-1)*100 -> 1.0743802 | I275: 132.1 | J275: =((I275/I274)-1)*100 -> 0.83969466 | K275: 104.8 | L275: =((K275/K274)-1)*100 -> 1.5503876 | M275: - | N275: - | O275: - | P275: - | Q275: =Q274*((1+(C275/100))) -> 131.8384 | R275: =((Q275/Q274)-1)*100 -> 1.5503876
A276: 14719 | B276: =B277/(1+(C277/100)) -> 33.540741 | C276: =L276 -> 0 | D276: =((B276/B264)-1)*100 -> 5.47072 | E276: - | F276: - | G276: 121.9 | H276: =((G276/G275)-1)*100 -> -0.3270646 | I276: 130.1 | J276: =((I276/I275)-1)*100 -> -1.5140045 | K276: 104.8 | L276: =((K276/K275)-1)*100 -> 0 | M276: - | N276: - | O276: - | P276: - | Q276: =Q275*((1+(C276/100))) -> 131.8384 | R276: =((Q276/Q275)-1)*100 -> 0
A277: 14749 | B277: =B278/(1+(C278/100)) -> 33.380718 | C277: =L277 -> -0.47709924 | D277: =((B277/B265)-1)*100 -> 4.0518636 | E277: - | F277: - | G277: 121.2 | H277: =((G277/G276)-1)*100 -> -0.57424118 | I277: 130.2 | J277: =((I277/I276)-1)*100 -> 0.076863951 | K277: 104.3 | L277: =((K277/K276)-1)*100 -> -0.47709924 | M277: - | N277: - | O277: - | P277: - | Q277: =Q276*((1+(C277/100))) -> 131.2094 | R277: =((Q277/Q276)-1)*100 -> -0.47709924
A278: 14780 | B278: =B279/(1+(C279/100)) -> 33.156686 | C278: =L278 -> -0.67114094 | D278: =((B278/B266)-1)*100 -> 2.9453397 | E278: - | F278: - | G278: 119 | H278: =((G278/G277)-1)*100 -> -1.8151815 | I278: 128.4 | J278: =((I278/I277)-1)*100 -> -1.3824885 | K278: 103.6 | L278: =((K278/K277)-1)*100 -> -0.67114094 | M278: - | N278: - | O278: - | P278: - | Q278: =Q277*((1+(C278/100))) -> 130.3288 | R278: =((Q278/Q277)-1)*100 -> -0.67114094
A279: 14810 | B279: =B280/(1+(C280/100)) -> 33.220695 | C279: =L279 -> 0.19305019 | D279: =((B279/B267)-1)*100 -> 2.3357367 | E279: - | F279: - | G279: 120.7 | H279: =((G279/G278)-1)*100 -> 1.4285714 | I279: 128.9 | J279: =((I279/I278)-1)*100 -> 0.3894081 | K279: 103.8 | L279: =((K279/K278)-1)*100 -> 0.19305019 | M279: - | N279: - | O279: - | P279: - | Q279: =Q278*((1+(C279/100))) -> 130.5804 | R279: =((Q279/Q278)-1)*100 -> 0.19305019
A280: 14841 | B280: =B281/(1+(C281/100)) -> 32.516596 | C280: =L280 -> -2.1194605 | D280: =((B280/B268)-1)*100 -> -0.99705655 | E280: - | F280: - | G280: 120.1 | H280: =((G280/G279)-1)*100 -> -0.49710025 | I280: 127.4 | J280: =((I280/I279)-1)*100 -> -1.1636928 | K280: 101.6 | L280: =((K280/K279)-1)*100 -> -2.1194605 | M280: - | N280: - | O280: - | P280: - | Q280: =Q279*((1+(C280/100))) -> 127.8128 | R280: =((Q280/Q279)-1)*100 -> -2.1194605
A281: 14872 | B281: =B282/(1+(C282/100)) -> 32.164546 | C281: =L281 -> -1.0826772 | D281: =((B281/B269)-1)*100 -> -3.3417431 | E281: - | F281: - | G281: 119.2 | H281: =((G281/G280)-1)*100 -> -0.74937552 | I281: 125.7 | J281: =((I281/I280)-1)*100 -> -1.3343799 | K281: 100.5 | L281: =((K281/K280)-1)*100 -> -1.0826772 | M281: - | N281: - | O281: - | P281: - | Q281: =Q280*((1+(C281/100))) -> 126.429 | R281: =((Q281/Q280)-1)*100 -> -1.0826772
A282: 14902 | B282: =B283/(1+(C283/100)) -> 32.324569 | C282: =L282 -> 0.49751244 | D282: =((B282/B270)-1)*100 -> -3.3779468 | E282: - | F282: - | G282: 119.1 | H282: =((G282/G281)-1)*100 -> -0.083892617 | I282: 125.9 | J282: =((I282/I281)-1)*100 -> 0.15910899 | K282: 101 | L282: =((K282/K281)-1)*100 -> 0.49751244 | M282: - | N282: - | O282: - | P282: - | Q282: =Q281*((1+(C282/100))) -> 127.058 | R282: =((Q282/Q281)-1)*100 -> 0.49751244
A283: 14933 | B283: =B284/(1+(C284/100)) -> 32.196551 | C283: =L283 -> -0.3960396 | D283: =((B283/B271)-1)*100 -> -1.3602494 | E283: - | F283: - | G283: 118.9 | H283: =((G283/G282)-1)*100 -> -0.16792611 | I283: 125.8 | J283: =((I283/I282)-1)*100 -> -0.079428118 | K283: 100.6 | L283: =((K283/K282)-1)*100 -> -0.3960396 | M283: - | N283: - | O283: - | P283: - | Q283: =Q282*((1+(C283/100))) -> 126.5548 | R283: =((Q283/Q282)-1)*100 -> -0.3960396
A284: 14963 | B284: =B285/(1+(C285/100)) -> 32.26056 | C284: =L284 -> 0.19880716 | D284: =((B284/B272)-1)*100 -> 0.8 | E284: - | F284: - | G284: 117.9 | H284: =((G284/G283)-1)*100 -> -0.84104289 | I284: 124.9 | J284: =((I284/I283)-1)*100 -> -0.7154213 | K284: 100.8 | L284: =((K284/K283)-1)*100 -> 0.19880716 | M284: - | N284: - | O284: - | P284: - | Q284: =Q283*((1+(C284/100))) -> 126.8064 | R284: =((Q284/Q283)-1)*100 -> 0.19880716
A285: 14994 | B285: =B286/(1+(C286/100)) -> 33.156686 | C285: =L285 -> 2.7777778 | D285: =((B285/B273)-1)*100 -> 2.1696252 | E285: - | F285: - | G285: 119.6 | H285: =((G285/G284)-1)*100 -> 1.4418999 | I285: 128.2 | J285: =((I285/I284)-1)*100 -> 2.6421137 | K285: 103.6 | L285: =((K285/K284)-1)*100 -> 2.7777778 | M285: - | N285: - | O285: - | P285: - | Q285: =Q284*((1+(C285/100))) -> 130.3288 | R285: =((Q285/Q284)-1)*100 -> 2.7777778
... A310: 15755 | B310: =B311/(1+(C311/100)) -> 42.437998 | C310: =L310 -> 3.8371182 | D310: =((B310/B298)-1)*100 -> 14.310345 | E310: - | F310: - | G310: 151.8 | H310: =((G310/G309)-1)*100 -> 3.125 | I310: 166.2 | J310: =((I310/I309)-1)*100 -> 6.0625399 | K310: 132.6 | L310: =((K310/K309)-1)*100 -> 3.8371182 | M310: - | N310: - | O310: - | P310: - | Q310: =Q309*((1+(C310/100))) -> 166.8108 | R310: =((Q310/Q309)-1)*100 -> 3.8371182
A311: 15783 | B311: =B312/(1+(C312/100)) -> 43.430138 | C311: =L311 -> 2.3378582 | D311: =((B311/B299)-1)*100 -> 14.902625 | E311: - | F311: - | G311: - | H311: - | I311: 167.8 | J311: =((I311/I310)-1)*100 -> 0.96269555 | K311: 135.7 | L311: =((K311/K310)-1)*100 -> 2.3378582 | M311: - | N311: - | O311: - | P311: - | Q311: =Q310*((1+(C311/100))) -> 170.7106 | R311: =((Q311/Q310)-1)*100 -> 2.3378582
A312: 15814 | B312: =B313/(1+(C313/100)) -> 45.446423 | C312: =L312 -> 4.642594 | D312: =((B312/B300)-1)*100 -> 18.629908 | E312: - | F312: - | G312: - | H312: - | I312: 172.7 | J312: =((I312/I311)-1)*100 -> 2.920143 | K312: 142 | L312: =((K312/K311)-1)*100 -> 4.642594 | M312: - | N312: - | O312: - | P312: - | Q312: =Q311*((1+(C312/100))) -> 178.636 | R312: =((Q312/Q311)-1)*100 -> 4.642594
A313: 15844 | B313: =B314/(1+(C314/100)) -> 47.270681 | C313: =L313 -> 4.0140845 | D313: =((B313/B301)-1)*100 -> 21.164889 | E313: - | F313: - | G313: - | H313: - | I313: 181.7 | J313: =((I313/I312)-1)*100 -> 5.2113492 | K313: 147.7 | L313: =((K313/K312)-1)*100 -> 4.0140845 | M313: - | N313: - | O313: - | P313: - | Q313: =Q312*((1+(C313/100))) -> 185.8066 | R313: =((Q313/Q312)-1)*100 -> 4.0140845
A314: 15875 | B314: =B315/(1+(C315/100)) -> 47.910772 | C314: =L314 -> 1.3540961 | D314: =((B314/B302)-1)*100 -> 22.805578 | E314: - | F314: - | G314: - | H314: - | I314: 185.5 | J314: =((I314/I313)-1)*100 -> 2.0913594 | K314: 149.7 | L314: =((K314/K313)-1)*100 -> 1.3540961 | M314: - | N314: - | O314: - | P314: - | Q314: =Q313*((1+(C314/100))) -> 188.3226 | R314: =((Q314/Q313)-1)*100 -> 1.3540961
A315: 15905 | B315: =B316/(1+(C316/100)) -> 47.526718 | C315: =L315 -> -0.80160321 | D315: =((B315/B303)-1)*100 -> 22.121711 | E315: - | F315: - | G315: - | H315: - | I315: 187.2 | J315: =((I315/I314)-1)*100 -> 0.91644205 | K315: 148.5 | L315: =((K315/K314)-1)*100 -> -0.80160321 | M315: - | N315: - | O315: - | P315: - | Q315: =Q314*((1+(C315/100))) -> 186.813 | R315: =((Q315/Q314)-1)*100 -> -0.80160321
A316: 15936 | B316: =B317/(1+(C317/100)) -> 47.974781 | C316: =L316 -> 0.94276094 | D316: =((B316/B304)-1)*100 -> 24.501661 | E316: - | F316: - | G316: - | H316: - | I316: 188.5 | J316: =((I316/I315)-1)*100 -> 0.69444444 | K316: 149.9 | L316: =((K316/K315)-1)*100 -> 0.94276094 | M316: - | N316: - | O316: - | P316: - | Q316: =Q315*((1+(C316/100))) -> 188.5742 | R316: =((Q316/Q315)-1)*100 -> 0.94276094
A317: 15967 | B317: =B318/(1+(C318/100)) -> 48.39084 | C317: =L317 -> 0.86724483 | D317: =((B317/B305)-1)*100 -> 24.855491 | E317: - | F317: - | G317: - | H317: - | I317: 191.8 | J317: =((I317/I316)-1)*100 -> 1.7506631 | K317: 151.2 | L317: =((K317/K316)-1)*100 -> 0.86724483 | M317: - | N317: - | O317: - | P317: - | Q317: =Q316*((1+(C317/100))) -> 190.2096 | R317: =((Q317/Q316)-1)*100 -> 0.86724483
A318: 15997 | B318: =B319/(1+(C319/100)) -> 48.550862 | C318: =L318 -> 0.33068783 | D318: =((B318/B306)-1)*100 -> 24.039248 | E318: - | F318: - | G318: - | H318: - | I318: 192.6 | J318: =((I318/I317)-1)*100 -> 0.41710115 | K318: 151.7 | L318: =((K318/K317)-1)*100 -> 0.33068783 | M318: - | N318: - | O318: - | P318: - | Q318: =Q317*((1+(C318/100))) -> 190.8386 | R318: =((Q318/Q317)-1)*100 -> 0.33068783
A319: 16028 | B319: =B320/(1+(C320/100)) -> 49.639016 | C319: =L319 -> 2.2412657 | D319: =((B319/B307)-1)*100 -> 24.478331 | E319: - | F319: - | G319: - | H319: - | I319: 197.2 | J319: =((I319/I318)-1)*100 -> 2.3883697 | K319: 155.1 | L319: =((K319/K318)-1)*100 -> 2.2412657 | M319: - | N319: - | O319: - | P319: - | Q319: =Q318*((1+(C319/100))) -> 195.1158 | R319: =((Q319/Q318)-1)*100 -> 2.2412657
A320: 16058 | B320: =B321/(1+(C321/100)) -> 50.119084 | C320: =L320 -> 0.96711799 | D320: =((B320/B308)-1)*100 -> 24.582339 | E320: - | F320: - | G320: - | H320: - | I320: 200.8 | J320: =((I320/I319)-1)*100 -> 1.8255578 | K320: 156.6 | L320: =((K320/K319)-1)*100 -> 0.96711799 | M320: - | N320: - | O320: - | P320: - | Q320: =Q319*((1+(C320/100))) -> 197.0028 | R320: =((Q320/Q319)-1)*100 -> 0.96711799
A321: 16089 | B321: =B322/(1+(C322/100)) -> 50.631156 | C321: =L321 -> 1.0217114 | D321: =((B321/B309)-1)*100 -> 23.884103 | E321: - | F321: - | G321: - | H321: - | I321: 199.1 | J321: =((I321/I320)-1)*100 -> -0.84661355 | K321: 158.2 | L321: =((K321/K320)-1)*100 -> 1.0217114 | M321: - | N321: - | O321: - | P321: - | Q321: =Q320*((1+(C321/100))) -> 199.0156 | R321: =((Q321/Q320)-1)*100 -> 1.0217114
A322: 16120 | B322: =B323/(1+(C323/100)) -> 52.231382 | C322: =L322 -> 3.1605563 | D322: =((B322/B310)-1)*100 -> 23.076923 | E322: - | F322: - | G322: - | H322: - | I322: 203.2 | J322: =((I322/I321)-1)*100 -> 2.0592667 | K322: 163.2 | L322: =((K322/K321)-1)*100 -> 3.1605563 | M322: - | N322: - | O322: - | P322: - | Q322: =Q321*((1+(C322/100))) -> 205.3056 | R322: =((Q322/Q321)-1)*100 -> 3.1605563
... A392: 18250 | B392: =B393/(1+(C393/100)) -> 93.901272 | C392: =L392 -> -0.3058104 | D392: =((B392/B380)-1)*100 -> 9.314456 | E392: - | F392: - | G392: - | H392: - | I392: 359.2 | J392: =((I392/I391)-1)*100 -> 7.2238806 | K392: 293.4 | L392: =((K392/K391)-1)*100 -> -0.3058104 | M392: - | N392: - | O392: - | P392: - | Q392: =Q391*((1+(C392/100))) -> 369.0972 | R392: =((Q392/Q391)-1)*100 -> -0.3058104
A393: 18281 | B393: 92.109019 | C393: =L393 -> -1.9086571 | D393: =((B393/B381)-1)*100 -> 6.7507418 | E393: - | F393: - | G393: - | H393: - | I393: 359.1 | J393: =((I393/I392)-1)*100 -> -0.027839644 | K393: 287.8 | L393: =((K393/K392)-1)*100 -> -1.9086571 | M393: - | N393: - | O393: - | P393: - | Q393: =Q392*((1+(C393/100))) -> 362.0524 | R393: =((Q393/Q392)-1)*100 -> -1.9086571
A394: 18312 | B394: 93.133164 | C394: =L394 -> 1.1118833 | D394: =((B394/B382)-1)*100 -> 7.5388027 | E394: - | F394: - | G394: - | H394: - | I394: 359.3 | J394: =((I394/I393)-1)*100 -> 0.055694793 | K394: 291 | L394: =((K394/K393)-1)*100 -> 1.1118833 | M394: - | N394: - | O394: - | P394: - | Q394: =Q393*((1+(C394/100))) -> 366.078 | R394: =((Q394/Q393)-1)*100 -> 1.1118833
A395: 18340 | B395: 97.261747 | C395: =L395 -> 4.4329897 | D395: =((B395/B383)-1)*100 -> 10.509091 | E395: - | F395: - | G395: - | H395: - | I395: 363.8 | J395: =((I395/I394)-1)*100 -> 1.2524353 | K395: 303.9 | L395: =((K395/K394)-1)*100 -> 4.4329897 | M395: - | N395: - | O395: - | P395: - | Q395: =Q394*((1+(C395/100))) -> 382.3062 | R395: =((Q395/Q394)-1)*100 -> 4.4329897
A396: 18371 | B396: 98.285892 | C396: =L396 -> 1.052978 | D396: =((B396/B384)-1)*100 -> 9.6002855 | E396: - | F396: - | G396: - | H396: - | I396: 368.4 | J396: =((I396/I395)-1)*100 -> 1.264431 | K396: 307.1 | L396: =((K396/K395)-1)*100 -> 1.052978 | M396: - | N396: - | O396: - | P396: - | Q396: =Q395*((1+(C396/100))) -> 386.3318 | R396: =((Q396/Q395)-1)*100 -> 1.052978
A397: 18401 | B397: 98.157874 | C397: =L397 -> -0.13025073 | D397: =((B397/B385)-1)*100 -> 8.1071554 | E397: - | F397: - | G397: - | H397: - | I397: 367.3 | J397: =((I397/I396)-1)*100 -> -0.29858849 | K397: 306.7 | L397: =((K397/K396)-1)*100 -> -0.13025073 | M397: - | N397: - | O397: - | P397: - | Q397: =Q396*((1+(C397/100))) -> 385.8286 | R397: =((Q397/Q396)-1)*100 -> -0.13025073
...

Sheet Fuente Bortz y otros
B1: Fuente: Bortz (1988), véase documentación de la BDH
A2: Año | B2: Precios menudeo Bortz, 1939=100 Promedio | C2: Precios menudeo Bortz, 1939=100 Prom t/c | D2: Bortz, 1950=100 Promedio | E2: Bortz, 1950=100 Prom t/c | G2: Indice del costo de la vida obrera (ICVO); 1950=100 | H2: Indice del costo de la vida obrera (ICVO); 1934=100 | I2: Indice del costo de la vida obrera (ICVO); t/c | J2: ICVO Fuente: Pani (1955); 1934=100 | K2: ICVO Fuente: Pani (1955); t/c | L2: ICVO); Fuente: INEGI, Estadísticas historicas; 1978=100 | M2: ICVO); Fuente: INEGI, Estadísticas historicas; t/c | N2: Índice de precios May/Cons 1950=100 | O2: Inflación May/Cons
G3: Año | H3: Año | I3: Año | J3: Año | K3: Año | L3: Año | M3: Año | N3: Servicio | O3: Servicio
N4: doméstico | O4: doméstico
A5: 1920 | B5: =B6*(1/(1+(C6/100))) -> 87.423729 | C5: 4.89 | D5: =(B5/$B$35)*100 -> 19.008464 | G5: - | H5: - | J5: - | K5: - | L5: - | M5: - | N5: - | O5: -
A6: 1921 | B6: =B7*(1/(1+(C7/100))) -> 79.817864 | C6: -8.7 | D6: =(B6/$B$35)*100 -> 17.354728 | E6: =((D6/D5)-1)*100 -> -8.7 | G6: - | H6: - | J6: - | K6: - | L6: - | M6: - | N6: - | O6: -
A7: 1922 | B7: =B8*(1/(1+(C8/100))) -> 66.959206 | C7: -16.11 | D7: =(B7/$B$35)*100 -> 14.558881 | E7: =((D7/D6)-1)*100 -> -16.11 | G7: - | H7: - | J7: - | K7: - | L7: - | M7: - | N7: - | O7: -
A8: 1923 | B8: =B9*(1/(1+(C9/100))) -> 71.740094 | C8: 7.14 | D8: =(B8/$B$35)*100 -> 15.598385 | E8: =((D8/D7)-1)*100 -> 7.14 | G8: - | H8: - | J8: - | K8: - | L8: - | M8: - | N8: - | O8: -
A9: 1924 | B9: =B10*(1/(1+(C10/100))) -> 68.76288 | C9: -4.15 | D9: =(B9/$B$35)*100 -> 14.951052 | E9: =((D9/D8)-1)*100 -> -4.15 | G9: - | H9: - | J9: - | K9: - | L9: - | M9: - | N9: - | O9: -
A10: 1925 | B10: =B11*(1/(1+(C11/100))) -> 72.132261 | C10: 4.9 | D10: =(B10/$B$35)*100 -> 15.683654 | E10: =((D10/D9)-1)*100 -> 4.9 | G10: - | H10: - | J10: - | K10: - | L10: - | M10: - | N10: - | O10: -
A11: 1926 | B11: =B12*(1/(1+(C12/100))) -> 73.466708 | C11: 1.85 | D11: =(B11/$B$35)*100 -> 15.973801 | E11: =((D11/D10)-1)*100 -> 1.85 | G11: - | H11: - | J11: - | K11: - | L11: - | M11: - | N11: - | O11: -
A12: 1927 | B12: =B13*(1/(1+(C13/100))) -> 71.754933 | C12: -2.33 | D12: =(B12/$B$35)*100 -> 15.601612 | E12: =((D12/D11)-1)*100 -> -2.33 | G12: - | H12: - | J12: - | K12: - | L12: - | M12: - | N12: - | O12: -
A13: 1928 | B13: =B14*(1/(1+(C14/100))) -> 68.827332 | C13: -4.08 | D13: =(B13/$B$35)*100 -> 14.965066 | E13: =((D13/D12)-1)*100 -> -4.08 | G13: - | H13: - | J13: - | K13: - | L13: - | M13: - | N13: - | O13: -
A14: 1929 | B14: =B15*(1/(1+(C15/100))) -> 68.662146 | C14: -0.24 | D14: =(B14/$B$35)*100 -> 14.92915 | E14: =((D14/D13)-1)*100 -> -0.24 | G14: - | H14: - | J14: - | K14: - | L14: - | M14: - | N14: - | O14: -
A15: 1930 | B15: =B16*(1/(1+(C16/100))) -> 68.826936 | C15: 0.24 | D15: =(B15/$B$35)*100 -> 14.96498 | E15: =((D15/D14)-1)*100 -> 0.24 | G15: - | H15: - | J15: - | K15: - | L15: - | M15: - | N15: - | O15: -
A16: 1931 | B16: =B17*(1/(1+(C17/100))) -> 75.902345 | C16: 10.28 | D16: =(B16/$B$35)*100 -> 16.50338 | E16: =((D16/D15)-1)*100 -> 10.28 | G16: - | H16: - | J16: - | K16: - | L16: - | M16: - | N16: - | O16: -
A17: 1932 | B17: =B18*(1/(1+(C18/100))) -> 69.002821 | C17: -9.09 | D17: =(B17/$B$35)*100 -> 15.003223 | E17: =((D17/D16)-1)*100 -> -9.09 | G17: - | H17: - | J17: - | K17: - | L17: - | M17: - | N17: - | O17: -
A18: 1933 | B18: =B19*(1/(1+(C19/100))) -> 74.502346 | C18: 7.97 | D18: =(B18/$B$35)*100 -> 16.198979 | E18: =((D18/D17)-1)*100 -> 7.97 | G18: - | H18: - | J18: - | K18: - | L18: - | M18: - | N18: - | O18: -
A19: 1934 | B19: =B20*(1/(1+(C20/100))) -> 77.002425 | C19: 3.3557047 | D19: =(B19/$B$35)*100 -> 16.742569 | E19: =((D19/D18)-1)*100 -> 3.3557047 | G19: =(H19/H$35)*100 -> 17.817689 | H19: 100 | J19: 100 | K19: - | L19: - | M19: - | N19: ='Precios M Anual'!B19 -> 24.103036 | O19: -
A20: 1935 | B20: =B21*(1/(1+(C21/100))) -> 76.502409 | C20: -0.64935065 | D20: =(B20/$B$35)*100 -> 16.633851 | E20: =((D20/D19)-1)*100 -> -0.64935065 | G20: =(H20/H$35)*100 -> 19.154016 | H20: =H19*(1+(K20/100)) -> 107.5 | I20: =((H20/H19)-1)*100 -> 7.5 | J20: 107.5 | K20: =((J20/J19)-1)*100 -> 7.5 | L20: - | M20: - | N20: ='Precios M Anual'!B20 -> 24.028833 | O20: =((N20/N19)-1)*100 -> -0.30785469
A21: 1936 | B21: =B22*(1/(1+(C22/100))) -> 80.602538 | C21: 5.3594771 | D21: =(B21/$B$35)*100 -> 17.525339 | E21: =((D21/D20)-1)*100 -> 5.3594771 | G21: =(H21/H$35)*100 -> 20.347801 | H21: =H20*(1+(K21/100)) -> 114.2 | I21: =((H21/H20)-1)*100 -> 6.2325581 | J21: 114.2 | K21: =((J21/J20)-1)*100 -> 6.2325581 | L21: - | M21: - | N21: ='Precios M Anual'!B21 -> 25.540441 | O21: =((N21/N20)-1)*100 -> 6.2908064
A22: 1937 | B22: =B23*(1/(1+(C23/100))) -> 94.802986 | C22: 17.617866 | D22: =(B22/$B$35)*100 -> 20.61293 | E22: =((D22/D21)-1)*100 -> 17.617866 | G22: =(H22/H$35)*100 -> 24.000428 | H22: =H21*(1+(K22/100)) -> 134.7 | I22: =((H22/H21)-1)*100 -> 17.950963 | J22: 134.7 | K22: =((J22/J21)-1)*100 -> 17.950963 | L22: - | M22: - | N22: ='Precios M Anual'!B22 -> 30.244868 | O22: =((N22/N21)-1)*100 -> 18.419524
A23: 1938 | B23: =B24*(1/(1+(C24/100))) -> 97.703957 | C23: 3.06 | D23: =(B23/$B$35)*100 -> 21.243685 | E23: =((D23/D22)-1)*100 -> 3.06 | G23: =(H23/H$35)*100 -> 27.314518 | H23: =H22*(1+(K23/100)) -> 153.3 | I23: =((H23/H22)-1)*100 -> 13.808463 | J23: 153.3 | K23: =((J23/J22)-1)*100 -> 13.808463 | L23: - | M23: - | N23: ='Precios M Anual'!B23 -> 32.142328 | O23: =((N23/N22)-1)*100 -> 6.2736576
A24: 1939 | B24: 100 | C24: 2.35 | D24: =(B24/$B$35)*100 -> 21.742912 | E24: =((D24/D23)-1)*100 -> 2.35 | G24: =(H24/H$35)*100 -> 27.777778 | H24: =H23*(1+(K24/100)) -> 155.9 | I24: =((H24/H23)-1)*100 -> 1.6960209 | J24: 155.9 | K24: =((J24/J23)-1)*100 -> 1.6960209 | L24: 3 | M24: - | N24: ='Precios M Anual'!B24 -> 32.318293 | O24: =((N24/N23)-1)*100 -> 0.54745729
A25: 1940 | B25: 110.5 | C25: =((B25/B24)-1)*100 -> 10.5 | D25: =(B25/$B$35)*100 -> 24.025918 | E25: =((D25/D24)-1)*100 -> 10.5 | G25: =(H25/H$35)*100 -> 28.703704 | H25: =H24*(1+(M25/100)) -> 161.09667 | I25: =((H25/H24)-1)*100 -> 3.3333333 | J25: 157 | K25: =((J25/J24)-1)*100 -> 0.7055805 | L25: 3.1 | M25: =((L25/L24)-1)*100 -> 3.3333333 | N25: ='Precios M Anual'!B25 -> 32.815305 | O25: =((N25/N24)-1)*100 -> 1.5378641
A26: 1941 | B26: 120.07 | C26: =((B26/B25)-1)*100 -> 8.6606335 | D26: =(B26/$B$35)*100 -> 26.106714 | E26: =((D26/D25)-1)*100 -> 8.6606335 | G26: =(H26/H$35)*100 -> 29.62963 | H26: =H25*(1+(M26/100)) -> 166.29333 | I26: =((H26/H25)-1)*100 -> 3.2258065 | J26: 162.8 | K26: =((J26/J25)-1)*100 -> 3.6942675 | L26: 3.2 | M26: =((L26/L25)-1)*100 -> 3.2258065 | N26: ='Precios M Anual'!B26 -> 34.97561 | O26: =((N26/N25)-1)*100 -> 6.583225
A27: 1942 | B27: 149.07 | C27: =((B27/B26)-1)*100 -> 24.152578 | D27: =(B27/$B$35)*100 -> 32.412159 | E27: =((D27/D26)-1)*100 -> 24.152578 | G27: =(H27/H$35)*100 -> 34.259259 | H27: =H26*(1+(M27/100)) -> 192.27667 | I27: =((H27/H26)-1)*100 -> 15.625 | J27: 188.6 | K27: =((J27/J26)-1)*100 -> 15.847666 | L27: 3.7 | M27: =((L27/L26)-1)*100 -> 15.625 | N27: ='Precios M Anual'!B27 -> 38.600122 | O27: =((N27/N26)-1)*100 -> 10.362971
A28: 1943 | B28: 189.5 | C28: =((B28/B27)-1)*100 -> 27.121487 | D28: =(B28/$B$35)*100 -> 41.202818 | E28: =((D28/D27)-1)*100 -> 27.121487 | G28: =(H28/H$35)*100 -> 44.444444 | H28: =H27*(1+(M28/100)) -> 249.44 | I28: =((H28/H27)-1)*100 -> 29.72973 | J28: 247.1 | K28: =((J28/J27)-1)*100 -> 31.018028 | L28: 4.8 | M28: =((L28/L27)-1)*100 -> 29.72973 | N28: ='Precios M Anual'!B28 -> 46.630591 | O28: =((N28/N27)-1)*100 -> 20.804256
A29: 1944 | B29: 263.37 | C29: =((B29/B28)-1)*100 -> 38.98153 | D29: =(B29/$B$35)*100 -> 57.264307 | E29: =((D29/D28)-1)*100 -> 38.98153 | G29: =(H29/H$35)*100 -> 56.481481 | H29: =H28*(1+(M29/100)) -> 316.99667 | I29: =((H29/H28)-1)*100 -> 27.083333 | J29: 310.4 | K29: =((J29/J28)-1)*100 -> 25.617159 | L29: 6.1 | M29: =((L29/L28)-1)*100 -> 27.083333 | N29: ='Precios M Anual'!B29 -> 57.128075 | O29: =((N29/N28)-1)*100 -> 22.512011
A30: 1945 | B30: 303.14 | C30: =((B30/B29)-1)*100 -> 15.100429 | D30: =(B30/$B$35)*100 -> 65.911463 | E30: =((D30/D29)-1)*100 -> 15.100429 | G30: =(H30/H$35)*100 -> 60.185185 | H30: =H29*(1+(M30/100)) -> 337.78333 | I30: =((H30/H29)-1)*100 -> 6.557377 | J30: 333 | K30: =((J30/J29)-1)*100 -> 7.2809278 | L30: 6.5 | M30: =((L30/L29)-1)*100 -> 6.557377 | N30: ='Precios M Anual'!B30 -> 63.587654 | O30: =((N30/N29)-1)*100 -> 11.30719
A31: 1946 | B31: 385.67 | C31: =((B31/B30)-1)*100 -> 27.225045 | D31: =(B31/$B$35)*100 -> 83.855888 | E31: =((D31/D30)-1)*100 -> 27.225045 | G31: =(H31/H$35)*100 -> 75 | H31: =H30*(1+(M31/100)) -> 420.93 | I31: =((H31/H30)-1)*100 -> 24.615385 | J31: 415.9 | K31: =((J31/J30)-1)*100 -> 24.894895 | L31: 8.1 | M31: =((L31/L30)-1)*100 -> 24.615385 | N31: ='Precios M Anual'!B31 -> 73.189011 | O31: =((N31/N30)-1)*100 -> 15.099404
A32: 1947 | B32: 416.7 | C32: =((B32/B31)-1)*100 -> 8.0457386 | D32: =(B32/$B$35)*100 -> 90.602714 | E32: =((D32/D31)-1)*100 -> 8.0457386 | G32: =(H32/H$35)*100 -> 84.259259 | H32: =H31*(1+(M32/100)) -> 472.89667 | I32: =((H32/H31)-1)*100 -> 12.345679 | J32: 468.4 | K32: =((J32/J31)-1)*100 -> 12.623227 | L32: 9.1 | M32: =((L32/L31)-1)*100 -> 12.345679 | N32: ='Precios M Anual'!B32 -> 77.533625 | O32: =((N32/N31)-1)*100 -> 5.9361563
A33: 1948 | B33: 417.59 | C33: =((B33/B32)-1)*100 -> 0.21358291 | D33: =(B33/$B$35)*100 -> 90.796225 | E33: =((D33/D32)-1)*100 -> 0.21358291 | G33: =(H33/H$35)*100 -> 89.814815 | H33: =H32*(1+(M33/100)) -> 504.07667 | I33: =((H33/H32)-1)*100 -> 6.5934066 | J33: 497.2 | K33: =((J33/J32)-1)*100 -> 6.1485909 | L33: 9.7 | M33: =((L33/L32)-1)*100 -> 6.5934066 | N33: ='Precios M Anual'!B33 -> 83.211761 | O33: =((N33/N32)-1)*100 -> 7.3234495
A34: 1949 | B34: 442.86 | C34: =((B34/B33)-1)*100 -> 6.0513901 | D34: =(B34/$B$35)*100 -> 96.290659 | E34: =((D34/D33)-1)*100 -> 6.0513901 | G34: =(H34/H$35)*100 -> 94.444444 | H34: =H33*(1+(M34/100)) -> 530.06 | I34: =((H34/H33)-1)*100 -> 5.1546392 | J34: 523.8 | K34: =((J34/J33)-1)*100 -> 5.3499598 | L34: 10.2 | M34: =((L34/L33)-1)*100 -> 5.1546392 | N34: ='Precios M Anual'!B34 -> 91.162218 | O34: =((N34/N33)-1)*100 -> 9.5544872
A35: 1950 | B35: 459.92 | C35: =((B35/B34)-1)*100 -> 3.8522332 | D35: =(B35/$B$35)*100 -> 100 | E35: =((D35/D34)-1)*100 -> 3.8522332 | G35: =(H35/H$35)*100 -> 100 | H35: =H34*(1+(M35/100)) -> 561.24 | I35: =((H35/H34)-1)*100 -> 5.8823529 | J35: 555.4 | K35: =((J35/J34)-1)*100 -> 6.032837 | L35: 10.8 | M35: =((L35/L34)-1)*100 -> 5.8823529 | N35: ='Precios M Anual'!B35 -> 100 | O35: =((N35/N34)-1)*100 -> 9.6945662
A36: 1951 | B36: 545.62 | C36: =((B36/B35)-1)*100 -> 18.633675 | D36: =(B36/$B$35)*100 -> 118.63368 | E36: =((D36/D35)-1)*100 -> 18.633675 | G36: =(H36/H$35)*100 -> 112.96296 | H36: =H35*(1+(M36/100)) -> 633.99333 | I36: =((H36/H35)-1)*100 -> 12.962963 | J36: 625.4 | K36: =((J36/J35)-1)*100 -> 12.603529 | L36: 12.2 | M36: =((L36/L35)-1)*100 -> 12.962963 | N36: ='Precios M Anual'!B36 -> 124.39946 | O36: =((N36/N35)-1)*100 -> 24.399461
A37: 1952 | B37: 607 | C37: =((B37/B36)-1)*100 -> 11.249588 | D37: =(B37/$B$35)*100 -> 131.97947 | E37: =((D37/D36)-1)*100 -> 11.249588 | G37: =(H37/H$35)*100 -> 128.7037 | H37: =H36*(1+(M37/100)) -> 722.33667 | I37: =((H37/H36)-1)*100 -> 13.934426 | J37: 716.1 | K37: =((J37/J36)-1)*100 -> 14.502718 | L37: 13.9 | M37: =((L37/L36)-1)*100 -> 13.934426 | N37: ='Precios M Anual'!B37 -> 128.89744 | O37: =((N37/N36)-1)*100 -> 3.6157582
A38: 1953 | B38: 592.17 | C38: =((B38/B37)-1)*100 -> -2.4431631 | D38: =(B38/$B$35)*100 -> 128.755 | E38: =((D38/D37)-1)*100 -> -2.4431631 | G38: =(H38/H$35)*100 -> 126.85185 | H38: =H37*(1+(M38/100)) -> 711.94333 | I38: =((H38/H37)-1)*100 -> -1.4388489 | J38: - | K38: - | L38: 13.7 | M38: =((L38/L37)-1)*100 -> -1.4388489 | N38: ='Precios M Anual'!B38 -> 126.4833 | O38: =((N38/N37)-1)*100 -> -1.8729167
A39: 1954 | B39: 674.09 | C39: =((B39/B38)-1)*100 -> 13.833865 | D39: =(B39/$B$35)*100 -> 146.56679 | E39: =((D39/D38)-1)*100 -> 13.833865 | G39: =(H39/H$35)*100 -> 133.33333 | H39: =H38*(1+(M39/100)) -> 748.32 | I39: =((H39/H38)-1)*100 -> 5.1094891 | J39: - | K39: - | L39: 14.4 | M39: =((L39/L38)-1)*100 -> 5.1094891 | N39: ='Precios M Anual'!B39 -> 138.0975 | O39: =((N39/N38)-1)*100 -> 9.1823953
A40: 1955 | B40: 735.34 | C40: =((B40/B39)-1)*100 -> 9.0863238 | D40: =(B40/$B$35)*100 -> 159.88433 | E40: =((D40/D39)-1)*100 -> 9.0863238 | G40: =(H40/H$35)*100 -> 154.62963 | H40: =H39*(1+(M40/100)) -> 867.84333 | I40: =((H40/H39)-1)*100 -> 15.972222 | J40: - | K40: - | L40: 16.7 | M40: =((L40/L39)-1)*100 -> 15.972222 | N40: ='Precios M Anual'!B40 -> 157.18695 | O40: =((N40/N39)-1)*100 -> 13.823165
A41: 1956 | B41: 772.05 | C41: =((B41/B40)-1)*100 -> 4.9922485 | D41: =(B41/$B$35)*100 -> 167.86615 | E41: =((D41/D40)-1)*100 -> 4.9922485 | G41: =(H41/H$35)*100 -> 162.03704 | H41: =H40*(1+(M41/100)) -> 909.41667 | I41: =((H41/H40)-1)*100 -> 4.7904192 | J41: - | K41: - | L41: 17.5 | M41: =((L41/L40)-1)*100 -> 4.7904192 | N41: ='Precios M Anual'!B41 -> 164.49743 | O41: =((N41/N40)-1)*100 -> 4.6508216
A42: 1957 | B42: 808.9 | C42: =((B42/B41)-1)*100 -> 4.7730069 | D42: =(B42/$B$35)*100 -> 175.87841 | E42: =((D42/D41)-1)*100 -> 4.7730069 | G42: =(H42/H$35)*100 -> 171.2963 | H42: =H41*(1+(M42/100)) -> 961.38333 | I42: =((H42/H41)-1)*100 -> 5.7142857 | J42: - | K42: - | L42: 18.5 | M42: =((L42/L41)-1)*100 -> 5.7142857 | N42: ='Precios M Anual'!B42 -> 171.64648 | O42: =((N42/N41)-1)*100 -> 4.3459975
A43: 1958 | B43: 869.87 | C43: =((B43/B42)-1)*100 -> 7.5373965 | D43: =(B43/$B$35)*100 -> 189.13507 | E43: =((D43/D42)-1)*100 -> 7.5373965 | G43: =(H43/H$35)*100 -> 190.74074 | H43: =H42*(1+(M43/100)) -> 1070.5133 | I43: =((H43/H42)-1)*100 -> 11.351351 | J43: - | K43: - | L43: 20.6 | M43: =((L43/L42)-1)*100 -> 11.351351 | N43: ='Precios M Anual'!B43 -> 179.25677 | O43: =((N43/N42)-1)*100 -> 4.4336961
A44: 1959 | B44: 920.51 | C44: =((B44/B43)-1)*100 -> 5.8215595 | D44: =(B44/$B$35)*100 -> 200.14568 | E44: =((D44/D43)-1)*100 -> 5.8215595 | G44: =(H44/H$35)*100 -> 195.37037 | H44: =H43*(1+(M44/100)) -> 1096.4967 | I44: =((H44/H43)-1)*100 -> 2.4271845 | J44: - | K44: - | L44: 21.1 | M44: =((L44/L43)-1)*100 -> 2.4271845 | N44: ='Precios M Anual'!B44 -> 181.32077 | O44: =((N44/N43)-1)*100 -> 1.1514216
A45: 1960 | B45: 962.68 | C45: =((B45/B44)-1)*100 -> 4.5811561 | D45: =(B45/$B$35)*100 -> 209.31466 | E45: =((D45/D44)-1)*100 -> 4.5811561 | G45: =(H45/H$35)*100 -> 205.55556 | H45: =H44*(1+(M45/100)) -> 1153.66 | I45: =((H45/H44)-1)*100 -> 5.2132701 | J45: - | K45: - | L45: 22.2 | M45: =((L45/L44)-1)*100 -> 5.2132701 | N45: ='Precios M Anual'!B45 -> 190.22249 | O45: =((N45/N44)-1)*100 -> 4.90938
A46: 1961 | B46: 972.08 | C46: =((B46/B45)-1)*100 -> 0.97644077 | D46: =(B46/$B$35)*100 -> 211.3585 | E46: =((D46/D45)-1)*100 -> 0.97644077 | G46: =(H46/H$35)*100 -> 209.25926 | H46: =H45*(1+(M46/100)) -> 1174.4467 | I46: =((H46/H45)-1)*100 -> 1.8018018 | J46: - | K46: - | L46: 22.6 | M46: =((L46/L45)-1)*100 -> 1.8018018 | N46: ='Precios M Anual'!B46 -> 192.05588 | O46: =((N46/N45)-1)*100 -> 0.9638116
A47: 1962 | B47: 1003.94 | C47: =((B47/B46)-1)*100 -> 3.277508 | D47: =(B47/$B$35)*100 -> 218.28579 | E47: =((D47/D46)-1)*100 -> 3.277508 | G47: =(H47/H$35)*100 -> 211.11111 | H47: =H46*(1+(M47/100)) -> 1184.84 | I47: =((H47/H46)-1)*100 -> 0.88495575 | J47: - | K47: - | L47: 22.8 | M47: =((L47/L46)-1)*100 -> 0.88495575 | N47: ='Precios M Anual'!B47 -> 195.5151 | O47: =((N47/N46)-1)*100 -> 1.8011527
A48: 1963 | B48: 1006.15 | C48: =((B48/B47)-1)*100 -> 0.22013268 | D48: =(B48/$B$35)*100 -> 218.76631 | E48: =((D48/D47)-1)*100 -> 0.22013268 | G48: =(H48/H$35)*100 -> 212.96296 | H48: =H47*(1+(M48/100)) -> 1195.2333 | I48: =((H48/H47)-1)*100 -> 0.87719298 | J48: - | K48: - | L48: 23 | M48: =((L48/L47)-1)*100 -> 0.87719298 | N48: ='Precios M Anual'!B48 -> 196.64511 | O48: =((N48/N47)-1)*100 -> 0.5779665
A49: 1964 | B49: 1047.93 | C49: =((B49/B48)-1)*100 -> 4.1524624 | D49: =(B49/$B$35)*100 -> 227.8505 | E49: =((D49/D48)-1)*100 -> 4.1524624 | G49: =(H49/H$35)*100 -> 217.59259 | H49: =H48*(1+(M49/100)) -> 1221.2167 | I49: =((H49/H48)-1)*100 -> 2.173913 | J49: - | K49: - | L49: 23.5 | M49: =((L49/L48)-1)*100 -> 2.173913 | N49: ='Precios M Anual'!B49 -> 204.98183 | O49: =((N49/N48)-1)*100 -> 4.2394746
... A60: 1975 | B60: 2011.66 | C60: =((B60/B59)-1)*100 -> 13.447364 | D60: =(B60/$B$35)*100 -> 437.39346 | E60: =((D60/D59)-1)*100 -> 13.447364 | G60: =(H60/H$35)*100 -> 519.44444 | H60: =H59*(1+(M60/100)) -> 2915.33 | I60: =((H60/H59)-1)*100 -> 14.256619 | J60: - | K60: - | L60: 56.1 | M60: =((L60/L59)-1)*100 -> 14.256619 | N60: ='Precios M Anual'!B60 -> 421.28792 | O60: =((N60/N59)-1)*100 -> 14.944526
A61: 1976 | B61: =(1+C61/100)*B60 -> 2329.9996 | C61: 15.82472 | D61: =(B61/$B$35)*100 -> 506.60975 | E61: =((D61/D60)-1)*100 -> 15.82472 | G61: =(H61/H$35)*100 -> 593.51852 | H61: =H60*(1+(M61/100)) -> 3331.0633 | I61: =((H61/H60)-1)*100 -> 14.26025 | J61: - | K61: - | L61: 64.1 | M61: =((L61/L60)-1)*100 -> 14.26025 | N61: ='Precios M Anual'!B61 -> 487.95555 | O61: =((N61/N60)-1)*100 -> 15.82472
A62: 1977 | B62: =(1+C62/100)*B61 -> 3007.1936 | C62: 29.064126 | D62: =(B62/$B$35)*100 -> 653.85145 | E62: =((D62/D61)-1)*100 -> 29.064126 | G62: =(H62/H$35)*100 -> 784.25926 | H62: =H61*(1+(M62/100)) -> 4401.5767 | I62: =((H62/H61)-1)*100 -> 32.137285 | J62: - | K62: - | L62: 84.7 | M62: =((L62/L61)-1)*100 -> 32.137285 | N62: ='Precios M Anual'!B62 -> 629.77557 | O62: =((N62/N61)-1)*100 -> 29.064126
A63: 1978 | B63: =(1+C63/100)*B62 -> 3532.1682 | C63: 17.457295 | D63: =(B63/$B$35)*100 -> 767.99623 | E63: =((D63/D62)-1)*100 -> 17.457295 | G63: =(H63/H$35)*100 -> 925.92593 | H63: =H62*(1+(M63/100)) -> 5196.6667 | I63: =((H63/H62)-1)*100 -> 18.063754 | J63: - | K63: - | L63: 100 | M63: =((L63/L62)-1)*100 -> 18.063754 | N63: ='Precios M Anual'!B63 -> 739.71735 | O63: =((N63/N62)-1)*100 -> 17.457295
A64: 1979 | B64: =(1+C64/100)*B63 -> 4174.7138 | C64: 18.19125 | D64: =(B64/$B$35)*100 -> 907.70434 | E64: =((D64/D63)-1)*100 -> 18.19125 | G64: =(H64/H$35)*100 -> 1094.3634 | H64: =H63*(1+(O64/100)) -> 6142.0053 | I64: =((H64/H63)-1)*100 -> 18.19125 | J64: - | K64: - | L64: 127.4 | M64: =((L64/L63)-1)*100 -> 27.4 | N64: ='Precios M Anual'!B64 -> 874.28118 | O64: =((N64/N63)-1)*100 -> 18.19125
A65: 1980 | B65: =(1+C65/100)*B64 -> 5274.8197 | C65: 26.351647 | D65: =(B65/$B$35)*100 -> 1146.8994 | E65: =((D65/D64)-1)*100 -> 26.351647 | G65: =(H65/H$35)*100 -> 1382.7462 | H65: =H64*(1+(O65/100)) -> 7760.5249 | I65: =((H65/H64)-1)*100 -> 26.351647 | J65: - | K65: - | L65: - | M65: - | N65: ='Precios M Anual'!B65 -> 1104.6687 | O65: =((N65/N64)-1)*100 -> 26.351647
A66: 1981 | B66: =(1+C66/100)*B65 -> 6748.2752 | C66: 27.933761 | D66: =(B66/$B$35)*100 -> 1467.2715 | E66: =((D66/D65)-1)*100 -> 27.933761 | G66: =(H66/H$35)*100 -> 1768.9992 | H66: =H65*(1+(O66/100)) -> 9928.3314 | I66: =((H66/H65)-1)*100 -> 27.933761 | J66: - | K66: - | L66: - | M66: - | N66: ='Precios M Anual'!B66 -> 1413.2442 | O66: =((N66/N65)-1)*100 -> 27.933761
A67: 1982 | B67: =(1+C67/100)*B66 -> 10723.915 | C67: 58.913427 | D67: =(B67/$B$35)*100 -> 2331.6915 | E67: =((D67/D66)-1)*100 -> 58.913427 | G67: =(H67/H$35)*100 -> 2811.1773 | H67: =H66*(1+(O67/100)) -> 15777.452 | I67: =((H67/H66)-1)*100 -> 58.913427 | J67: - | K67: - | L67: - | M67: - | N67: ='Precios M Anual'!B67 -> 2245.8348 | O67: =((N67/N66)-1)*100 -> 58.913427
A68: 1983 | B68: =(1+C68/100)*B67 -> 21648.897 | C68: 101.87493 | D68: =(B68/$B$35)*100 -> 4707.1005 | E68: =((D68/D67)-1)*100 -> 101.87493
A69: 1984 | B69: =(1+C69/100)*B68 -> 35817.842 | C69: 65.448812 | D69: =(B69/$B$35)*100 -> 7787.8418 | E69: =((D69/D68)-1)*100 -> 65.448812 | H69: La fuente del INEGI (Estadísticas Históricas reporta lo siguiente:
A70: 1985 | B70: =(1+C70/100)*B69 -> 56502.089 | C70: 57.748446 | D70: =(B70/$B$35)*100 -> 12285.199 | E70: =((D70/D69)-1)*100 -> 57.748446 | H70: Nota: las cifras anuales provienen de promedios simples de los índices mensuales. Consta de 23 conceptos genéricos. Iniciado por la oficina
A71: 1986 | B71: =(1+C71/100)*B70 -> 105225.71 | C71: 86.233309 | D71: =(B71/$B$35)*100 -> 22879.133 | E71: =((D71/D70)-1)*100 -> 86.233309 | H71: de Barómetros Económicos de la Secretaría de Economía Nacional; la fórmula empleada es la de ponderaciones fijas de Laspeyres.
A72: 1987 | B72: =(1+C72/100)*B71 -> 243942.03 | C72: 131.8274 | D72: =(B72/$B$35)*100 -> 53040.1 | E72: =((D72/D71)-1)*100 -> 131.8274 | H72: El Banco de México suspendió la elaboración de este índice a partir de 1980.
A73: 1988 | B73: =(1+C73/100)*B72 -> 522431.73 | C73: 114.16225 | D73: =(B73/$B$35)*100 -> 113591.87 | E73: =((D73/D72)-1)*100 -> 114.16225 | H73: Fuente: Banco de México. Serie Estadísticas Históricas de Precios.
A74: 1989 | B74: =(1+C74/100)*B73 -> 626959.23 | C74: 20.007878 | D74: =(B74/$B$35)*100 -> 136319.19 | E74: =((D74/D73)-1)*100 -> 20.007878 | H74: Los datos de inflación/consumidor provienen de la hoja Precios Cons, también de Banco de México.
A75: 1990 | B75: =(1+C75/100)*B74 -> 794054.36 | C75: 26.651674 | D75: =(B75/$B$35)*100 -> 172650.54 | E75: =((D75/D74)-1)*100 -> 26.651674
A76: Fuente: Bortz (1988) y datos retro y extra polados para 1920-1939 y 1976-1990

Sheet Tasas int
B1: Tasas de interés
A2: Año | B2: Tasa pasiva Bono hipotecario/CPP
A5: 1920 | B5: -
A6: 1921 | B6: -
A7: 1922 | B7: -
A8: 1923 | B8: -
A9: 1924 | B9: -
A10: 1925 | B10: -
A11: 1926 | B11: -
A12: 1927 | B12: -
A13: 1928 | B13: -
A14: 1929 | B14: -
A15: 1930 | B15: -
A16: 1931 | B16: -
... A24: 1939 | B24: -
A25: 1940 | B25: 8
A26: 1941 | B26: 8
A27: 1942 | B27: 8
A28: 1943 | B28: 8
A29: 1944 | B29: 8
A30: 1945 | B30: 8
A31: 1946 | B31: 8
A32: 1947 | B32: 8
A33: 1948 | B33: 8
A34: 1949 | B34: 8
A35: 1950 | B35: 8
A36: 1951 | B36: 8
... A57: 1972 | B57: 8
A58: 1973 | B58: 12.91 | C58: A partir de 1973 se refiere al Costo porcentual promedio
A59: 1974 | B59: 12.44
A60: 1975 | B60: 11.97
A61: 1976 | B61: 12.12
A62: 1977 | B62: 14.04
A63: 1978 | B63: 15.88
A64: 1979 | B64: 17.52
A65: 1980 | B65: 24.25
A66: 1981 | B66: 31.81
A67: 1982 | B67: 46.12
A68: 1983 | B68: 56.44
A69: 1984 | B69: 47.54
A70: 1985 | B70: 65.66
... A75: 1990 | B75: 29.2
A76: Fuente: Aspe (1993, p. 69), Brothers y Solís (1967, 175),

Sheet Terminos de Int
B1: Índice de términos de intercambio en EU$ 1950=100
A2: Año | B2: Índice de términos de intercambio en EU$ 1950=100 | C2: Índice de términos de intercambio en EU$ t/c
A5: 1920 | B5: - | C5: -
A6: 1921 | B6: - | C6: -
A7: 1922 | B7: - | C7: -
A8: 1923 | B8: - | C8: -
A9: 1924 | B9: - | C9: -
A10: 1925 | B10: ='1925-1970 EX-IM'!E10 -> 98.331751
A11: 1926 | B11: ='1925-1970 EX-IM'!E11 -> 92.164772 | C11: =((B11/B10)-1)*100 -> -6.2716049
A12: 1927 | B12: ='1925-1970 EX-IM'!E12 -> 96.329911 | C12: =((B12/B11)-1)*100 -> 4.5192308
A13: 1928 | B13: ='1925-1970 EX-IM'!E13 -> 100.49505 | C13: =((B13/B12)-1)*100 -> 4.323827
A14: 1929 | B14: ='1925-1970 EX-IM'!E14 -> 110.74965 | C14: =((B14/B13)-1)*100 -> 10.204082
A15: 1930 | B15: ='1925-1970 EX-IM'!E15 -> 121.00424 | C15: =((B15/B14)-1)*100 -> 9.2592593
A16: 1931 | B16: ='1925-1970 EX-IM'!E16 -> 152.9907 | C16: =((B16/B15)-1)*100 -> 26.434159
A17: 1932 | B17: ='1925-1970 EX-IM'!E17 -> 184.97715 | C17: =((B17/B16)-1)*100 -> 20.90745
A18: 1933 | B18: ='1925-1970 EX-IM'!E18 -> 165.11525 | C18: =((B18/B17)-1)*100 -> -10.737489
A19: 1934 | B19: ='1925-1970 EX-IM'!E19 -> 145.25335 | C19: =((B19/B18)-1)*100 -> -12.029114
A20: 1935 | B20: ='1925-1970 EX-IM'!E20 -> 143.67638 | C20: =((B20/B19)-1)*100 -> -1.0856668
A21: 1936 | B21: ='1925-1970 EX-IM'!E21 -> 142.09941 | C21: =((B21/B20)-1)*100 -> -1.0975829
A22: 1937 | B22: ='1925-1970 EX-IM'!E22 -> 133.12331 | C22: =((B22/B21)-1)*100 -> -6.316776
... A55: 1970 | B55: ='1925-1970 EX-IM'!E55 -> 143.56436 | C55: =((B55/B54)-1)*100 -> -9.0643275
A56: 1971 | B56: =B55*(1+(C56/100)) -> 148.46027 | C56: ='Precios 1970-1990 IM-EX'!G56 -> 3.4102536
A57: 1972 | B57: =B56*(1+(C57/100)) -> 153.2426 | C57: ='Precios 1970-1990 IM-EX'!G57 -> 3.221289
A58: 1973 | B58: =B57*(1+(C58/100)) -> 170.28614 | C58: ='Precios 1970-1990 IM-EX'!G58 -> 11.121932
A59: 1974 | B59: =B58*(1+(C59/100)) -> 164.44346 | C59: ='Precios 1970-1990 IM-EX'!G59 -> -3.4310933
A60: 1975 | B60: =B59*(1+(C60/100)) -> 144.74547 | C60: ='Precios 1970-1990 IM-EX'!G60 -> -11.97858
A61: 1976 | B61: =B60*(1+(C61/100)) -> 167.08728 | C61: ='Precios 1970-1990 IM-EX'!G61 -> 15.435238
A62: 1977 | B62: =B61*(1+(C62/100)) -> 166.25737 | C62: ='Precios 1970-1990 IM-EX'!G62 -> -0.49669122
A63: 1978 | B63: =B62*(1+(C63/100)) -> 154.04701 | C63: ='Precios 1970-1990 IM-EX'!G63 -> -7.3442527
A64: 1979 | B64: =B63*(1+(C64/100)) -> 167.5045 | C64: ='Precios 1970-1990 IM-EX'!G64 -> 8.7359642
A65: 1980 | B65: =B64*(1+(C65/100)) -> 187.81636 | C65: ='Precios 1970-1990 IM-EX'!G65 -> 12.126156
A66: 1981 | B66: =B65*(1+(C66/100)) -> 183.07689 | C66: ='Precios 1970-1990 IM-EX'!G66 -> -2.5234596
A67: 1982 | B67: =B66*(1+(C67/100)) -> 159.5122 | C67: ='Precios 1970-1990 IM-EX'!G67 -> -12.871472
... A75: 1990 | B75: =B74*(1+(C75/100)) -> 102.50214 | C75: ='Precios 1970-1990 IM-EX'!G75 -> 5.1170655
A76: Fuente: Cepal reproducido en INEGI (2014), 1925-1970; y Sistema de Información Económica, Banxico (2018), 1970-1990.

Sheet 1925-1970 EX-IM
B1: Índice de precios de exportaciones, importaciones y los términos de intercambio en EU$, 1970=100 y 1950=100
A2: Año | B2: Índice de Exportaciones en EU$ 1970=100 | C2: Índice de Importaciones en EU$ 1970=100 | D2: Índice detérminos de intercambio en EU$ 1970=100 | E2: Índice detérminos de intercambio en EU$ 1950=100 | F2: Índice detérminos de intercambio en EU$ t/c
A5: 1920 | B5: - | C5: - | D5: - | E5: =D35 -> 69.655172
A6: 1921 | B6: - | C6: - | D6: - | E6: -
A7: 1922 | B7: - | C7: - | D7: - | E7: -
A8: 1923 | B8: - | C8: - | D8: - | E8: -
A9: 1924 | B9: - | C9: - | D9: - | E9: -
A10: 1925 | B10: 7.3 | C10: 5 | D10: =(C10/B10)*100 -> 68.493151 | E10: =(D10/E$5)*100 -> 98.331751
A11: 1926 | B11: 8.1 | C11: 5.2 | D11: =(C11/B11)*100 -> 64.197531 | E11: =(D11/E$5)*100 -> 92.164772 | F11: =((E11/E10)-1)*100 -> -6.2716049
A12: 1927 | B12: - | C12: - | D12: - | E12: =(E11+E13)/2 -> 96.329911 | F12: =((E12/E11)-1)*100 -> 4.5192308
A13: 1928 | B13: 8 | C13: 5.6 | D13: =(C13/B13)*100 -> 70 | E13: =(D13/E$5)*100 -> 100.49505 | F13: =((E13/E12)-1)*100 -> 4.323827
A14: 1929 | B14: - | C14: - | D14: - | E14: =(E13+E15)/2 -> 110.74965 | F14: =((E14/E13)-1)*100 -> 10.204082
A15: 1930 | B15: 7 | C15: 5.9 | D15: =(C15/B15)*100 -> 84.285714 | E15: =(D15/E$5)*100 -> 121.00424 | F15: =((E15/E14)-1)*100 -> 9.2592593
A16: 1931 | B16: - | C16: - | D16: - | E16: =(E15+E17)/2 -> 152.9907 | F16: =((E16/E15)-1)*100 -> 26.434159
A17: 1932 | B17: 5.2 | C17: 6.7 | D17: =(C17/B17)*100 -> 128.84615 | E17: =(D17/E$5)*100 -> 184.97715 | F17: =((E17/E16)-1)*100 -> 20.90745
A18: 1933 | B18: - | C18: - | D18: - | E18: =(E17+E19)/2 -> 165.11525 | F18: =((E18/E17)-1)*100 -> -10.737489
A19: 1934 | B19: 8.5 | C19: 8.6 | D19: =(C19/B19)*100 -> 101.17647 | E19: =(D19/E$5)*100 -> 145.25335 | F19: =((E19/E18)-1)*100 -> -12.029114
A20: 1935 | B20: - | C20: - | D20: - | E20: =(E19+E21)/2 -> 143.67638 | F20: =((E20/E19)-1)*100 -> -1.0856668
A21: 1936 | B21: 9.8 | C21: 9.7 | D21: =(C21/B21)*100 -> 98.979592 | E21: =(D21/E$5)*100 -> 142.09941 | F21: =((E21/E20)-1)*100 -> -1.0975829
A22: 1937 | B22: 11 | C22: 10.2 | D22: =(C22/B22)*100 -> 92.727273 | E22: =(D22/E$5)*100 -> 133.12331 | F22: =((E22/E21)-1)*100 -> -6.316776
A23: 1938 | B23: 10.8 | C23: 12.7 | D23: =(C23/B23)*100 -> 117.59259 | E23: =(D23/E$5)*100 -> 168.82105 | F23: =((E23/E22)-1)*100 -> 26.815541
A24: 1939 | B24: 12.8 | C24: 44.2 | D24: =(C24/B24)*100 -> 345.3125 | E24: =(D24/E$5)*100 -> 495.74567 | F24: =((E24/E23)-1)*100 -> 193.65157
A25: 1940 | B25: 15.1 | C25: 15 | D25: =(C25/B25)*100 -> 99.337748 | E25: =(D25/E$5)*100 -> 142.6136 | F25: =((E25/E24)-1)*100 -> -71.232507
A26: 1941 | B26: 12.3 | C26: 14.4 | D26: =(C26/B26)*100 -> 117.07317 | E26: =(D26/E$5)*100 -> 168.07534 | F26: =((E26/E25)-1)*100 -> 17.853659
A27: 1942 | B27: 14.6 | C27: 15.6 | D27: =(C27/B27)*100 -> 106.84932 | E27: =(D27/E$5)*100 -> 153.39753 | F27: =((E27/E26)-1)*100 -> -8.7328767
A28: 1943 | B28: 17.6 | C28: 16.1 | D28: =(C28/B28)*100 -> 91.477273 | E28: =(D28/E$5)*100 -> 131.32876 | F28: =((E28/E27)-1)*100 -> -14.386655
A29: 1944 | B29: 21.5 | C29: 17.3 | D29: =(C29/B29)*100 -> 80.465116 | E29: =(D29/E$5)*100 -> 115.51923 | F29: =((E29/E28)-1)*100 -> -12.038134
A30: 1945 | B30: 23.4 | C30: 17.2 | D30: =(C30/B30)*100 -> 73.504274 | E30: =(D30/E$5)*100 -> 105.52594 | F30: =((E30/E29)-1)*100 -> -8.6507584
A31: 1946 | B31: 28.2 | C31: 21 | D31: =(C31/B31)*100 -> 74.468085 | E31: =(D31/E$5)*100 -> 106.90963 | F31: =((E31/E30)-1)*100 -> 1.3112321
A32: 1947 | B32: 34.6 | C32: 24 | D32: =(C32/B32)*100 -> 69.364162 | E32: =(D32/E$5)*100 -> 99.582213 | F32: =((E32/E31)-1)*100 -> -6.8538398
... A55: 1970 | B55: 100 | C55: 100 | D55: =(C55/B55)*100 -> 100 | E55: =(D55/E$5)*100 -> 143.56436 | F55: =((E55/E54)-1)*100 -> -9.0643275
A56: Fuente: INEGI (2014) con datos de Comisión Económica para América Latina y el Caribe (CEPAL).

Sheet Precios 1970-1990 IM-EX
B1: Índice de precios de exportaciones, importaciones y de los términos de intercambio en EU$, 1980=100 del Banco de México
A2: Periodo | B2: Índice General de Precios de las Exportaciones 1980=100 | C2: Índice General de Precios de las Importaciones 1980=100 | D2: Índice de Terminos de Intercambio 1980=100 | E2: Periodo | F2: Índice de Terminos de Intercambio Anual 1980=100 | G2: Índice de Terminos de Intercambio Anual %
A5: 01 - 70 | B5: 32.589 | C5: 42.197 | D5: 77.231
A6: 02 - 70 | B6: 32.752 | C6: 42.32 | D6: 77.39
A7: 03 - 70 | B7: 33.094 | C7: 42.492 | D7: 77.884
A8: 04 - 70 | B8: 32.843 | C8: 42.571 | D8: 77.149
A9: 05 - 70 | B9: 33.37 | C9: 42.653 | D9: 78.237
A10: 06 - 70 | B10: 33.363 | C10: 42.693 | D10: 78.146
A11: 07 - 70 | B11: 32.886 | C11: 42.858 | D11: 76.732
A12: 08 - 70 | B12: 32.375 | C12: 42.926 | D12: 75.421
A13: 09 - 70 | B13: 32.668 | C13: 43.134 | D13: 75.737
A14: 10 - 70 | B14: 32.479 | C14: 43.624 | D14: 74.452
A15: 11 - 70 | B15: 32.682 | C15: 43.768 | D15: 74.67
A16: 12 - 70 | B16: 32.72 | C16: 43.828 | D16: 74.654
... A54: 02 - 74 | B54: 54.279 | C54: 53.829 | D54: 100.835
A55: 03 - 74 | B55: 53.332 | C55: 54.822 | D55: 97.283 | E55: 1970 | F55: =AVERAGE(D5:D16) -> 76.47525
A56: 04 - 74 | B56: 52.923 | C56: 55.246 | D56: 95.794 | E56: 1971 | F56: =AVERAGE(D17:D28) -> 79.08325 | G56: =((F56/F55)-1)*100 -> 3.4102536
A57: 05 - 74 | B57: 53.916 | C57: 56.332 | D57: 95.71 | E57: 1972 | F57: =AVERAGE(D29:D40) -> 81.63075 | G57: =((F57/F56)-1)*100 -> 3.221289
A58: 06 - 74 | B58: 52.116 | C58: 57.383 | D58: 90.822 | E58: 1973 | F58: =AVERAGE(D41:D52) -> 90.709667 | G58: =((F58/F57)-1)*100 -> 11.121932
A59: 07 - 74 | B59: 51.444 | C59: 59.492 | D59: 86.472 | E59: 1974 | F59: =AVERAGE(D53:D64) -> 87.597333 | G59: =((F59/F58)-1)*100 -> -3.4310933
A60: 08 - 74 | B60: 50.176 | C60: 62.354 | D60: 80.47 | E60: 1975 | F60: =AVERAGE(D65:D76) -> 77.104417 | G60: =((F60/F59)-1)*100 -> -11.97858
A61: 09 - 74 | B61: 48.972 | C61: 62.392 | D61: 78.49 | E61: 1976 | F61: =AVERAGE(D77:D88) -> 89.005667 | G61: =((F61/F60)-1)*100 -> 15.435238
A62: 10 - 74 | B62: 49.51 | C62: 64.636 | D62: 76.598 | E62: 1977 | F62: =AVERAGE(D89:D100) -> 88.563583 | G62: =((F62/F61)-1)*100 -> -0.49669122
A63: 11 - 74 | B63: 49.701 | C63: 65.093 | D63: 76.353 | E63: 1978 | F63: =AVERAGE(D101:D112) -> 82.05925 | G63: =((F63/F62)-1)*100 -> -7.3442527
A64: 12 - 74 | B64: 47.311 | C64: 65.254 | D64: 72.503 | E64: 1979 | F64: =AVERAGE(D113:D124) -> 89.227917 | G64: =((F64/F63)-1)*100 -> 8.7359642
A65: 01 - 75 | B65: 47.644 | C65: 65.612 | D65: 72.616 | E65: 1980 | F65: =AVERAGE(D125:D136) -> 100.04783 | G65: =((F65/F64)-1)*100 -> 12.126156
A66: 02 - 75 | B66: 47.267 | C66: 65.306 | D66: 72.379 | E66: 1981 | F66: =AVERAGE(D137:D148) -> 97.523167 | G66: =((F66/F65)-1)*100 -> -2.5234596
A67: 03 - 75 | B67: 47.126 | C67: 65.365 | D67: 72.097 | E67: 1982 | F67: =AVERAGE(D149:D160) -> 84.9705 | G67: =((F67/F66)-1)*100 -> -12.871472
A68: 04 - 75 | B68: 48.677 | C68: 65.874 | D68: 73.893 | E68: 1983 | F68: =AVERAGE(D161:D172) -> 77.609 | G68: =((F68/F67)-1)*100 -> -8.663595
A69: 05 - 75 | B69: 49.746 | C69: 65.732 | D69: 75.68 | E69: 1984 | F69: =AVERAGE(D173:D184) -> 76.107167 | G69: =((F69/F68)-1)*100 -> -1.9351278
A70: 06 - 75 | B70: 51.696 | C70: 65.55 | D70: 78.864 | E70: 1985 | F70: =AVERAGE(D185:D196) -> 72.005333 | G70: =((F70/F69)-1)*100 -> -5.3895494
A71: 07 - 75 | B71: 52.416 | C71: 66.52 | D71: 78.796 | E71: 1986 | F71: =AVERAGE(D197:D208) -> 50.83725 | G71: =((F71/F70)-1)*100 -> -29.397938
A72: 08 - 75 | B72: 53.149 | C72: 66.861 | D72: 79.491 | E72: 1987 | F72: =AVERAGE(D209:D220) -> 55.667833 | G72: =((F72/F71)-1)*100 -> 9.5020548
A73: 09 - 75 | B73: 53.436 | C73: 66.972 | D73: 79.788 | E73: 1988 | F73: =AVERAGE(D221:D232) -> 50.145917 | G73: =((F73/F72)-1)*100 -> -9.9194029
A74: 10 - 75 | B74: 54.282 | C74: 67.546 | D74: 80.363 | E74: 1989 | F74: =AVERAGE(D233:D244) -> 51.943833 | G74: =((F74/F73)-1)*100 -> 3.58537
A75: 11 - 75 | B75: 53.042 | C75: 67.347 | D75: 78.759 | E75: 1990 | F75: =AVERAGE(D245:D256) -> 54.601833 | G75: =((F75/F74)-1)*100 -> 5.1170655
A76: 12 - 75 | B76: 55.394 | C76: 67.122 | D76: 82.527
A77: 01 - 76 | B77: 57.547 | C77: 67.424 | D77: 85.35
A78: 02 - 76 | B78: 58.063 | C78: 67.7 | D78: 85.764
A79: 03 - 76 | B79: 57.808 | C79: 67.891 | D79: 85.149
A80: 04 - 76 | B80: 59.484 | C80: 68.466 | D80: 86.88
A81: 05 - 76 | B81: 61.059 | C81: 68.777 | D81: 88.779
A82: 06 - 76 | B82: 62.479 | C82: 69.566 | D82: 89.813
A83: 07 - 76 | B83: 63.048 | C83: 70.316 | D83: 89.664
A84: 08 - 76 | B84: 61.387 | C84: 70.227 | D84: 87.412
A85: 09 - 76 | B85: 63.997 | C85: 70.742 | D85: 90.466
A86: 10 - 76 | B86: 65.787 | C86: 71.048 | D86: 92.595
A87: 11 - 76 | B87: 65.494 | C87: 71.252 | D87: 91.918
... A256: 12 - 90 | B256: 77.807 | C256: 136.998 | D256: 56.794
A257: Fuente: Sistema de Información Económica, Banxico (2018).
